Cogmind - Beta 16 @@@ ROGUE MODE // 2025.11.24 @ 13:03:32 Player: Selene Result: Destroyed by Tracker with Linked Autogun Performance ------------- Evolutions (9) 4500 Regions Visited (29) 5800 Robots Destroyed (202) 1010 Value Destroyed (10288) 10288 Prototype IDs (244) 4880 Alien Tech Used (0) 0 Bonus (12611) 12611 TOTAL SCORE: 39089 Bonus ------- High Alert Combat Kills 290 Follower Combat Kills 2776 Entered Garrisons 200 Aligned with FarCom 300 Met Data Miner 300 Used Data Conduit 3000 Acquired ECA 300 Met Warlord at Base 500 MAIN.C Attacked Warlord 500 Warlord Defense Kills 1538 Built Enhanced Grunts 300 A7 Reached Mainframe 300 Met R17 at Cetus 500 Met R17 at Research 2000 Pursued by Intercept 2000 Friendly Fire -2193 Cogmind --------- Core Integrity 0/1600 Matter 300/300 Energy 153/190 System Corruption 51% Temperature Cool (20) Movement Treading (152) Location -1/Access Parts ------- > --- POWER (3) -------- Light Quantum Reactor > --- PROPULSION (7) --- Medium Treads Advanced Medium Treads Myomer Leg Myomer Leg > --- UTILITY (10) ----- Advanced Heat Sink Advanced Coolant Injector Experimental Optical Array Advanced Terrain Scanner Advanced Terrain Scan Processor Experimental Targeting Computer Advanced Launcher Guidance Computer > --- WEAPON (5) ------- Phase Gun Nova Cannon > --- INVENTORY (5) ---- Firepult Peak State ------------ > --- POWER ------------ Quantum Reactor Light Quantum Reactor Light Quantum Reactor > --- PROPULSION ------- Medium Armored Exoskeleton Enhanced Biometal Leg Centrium Leg Centrium Leg Centrium Leg > --- UTILITY ---------- Experimental Power Amplifier Advanced Cooling System High-capacity Storage Unit Experimental Optical Array Advanced Terrain Scanner Advanced Terrain Scan Processor Experimental Targeting Computer Advanced Recoil Stabilizer Layered Heavy Armor Plating > --- WEAPON ----------- Enhanced Nova Cannon Linked Autogun Helical Railgun Helical Railgun > --- INVENTORY -------- Light Quantum Reactor Improved Thunder Leg Improved Thunder Leg Centrium Leg Advanced Cooling System Huge Storage Unit Matter Compressor Experimental Targeting Computer Improved Armor Integrity Analyzer Experimental Phase Shifter Layered Heavy Armor Plating Advanced EM Disruption Field Advanced Shield Generator Long-range Tractor Beam Firepult Railgun Micro-nuke Launcher Plasma Lance [Rating: 195] Favorites ----------- Power Light Quantum Reactor Engine Heavy Ion Engine Power Core Light Fission Core Reactor Light Quantum Reactor Propulsion Improved Flight Unit Treads Light Treads Leg Centrium Leg Wheel Compact Wheel Hover Unit Linear Gravjet Flight Unit Improved Flight Unit Utility Experimental Targeting Computer Device Improved Transmission Jammer Storage Medium Storage Unit Processor Experimental Targeting Computer Hackware Hacking Suite Protection Improved Light Armor Plating Weapon Chainsword Energy Gun Beam Rifle Energy Cannon Enhanced Nova Cannon Ballistic Gun Hypervelocity Railgun Launcher Heavy Rocket Launcher Special Weapon Remote Datajack Impact Weapon Hammer Slashing Weapon Chainsword Piercing Weapon Plasma Lance Build | -11 -10 -10 -10 -9 -8 -8 -7 -7 -7 -7 -7 -7 -6 -6 -6 -6 -6 -6 -5 -5 -5 -5 -5 -5 -4 -4 -3 -2 -1 ------- Run | Yrd Mat Min Exi Min Mat Gar Fac Was Fac Low Low Dat Pro Fac Ext Cet Arc Hub Fac Was Fac Upp Upp War Pro Fac Res Res Acc Slots Evolved 18 | . . . . . 4 . 2 . . . . . . 2 . . . . 2 . . . . . . 2 2 2 2 Power 2 | . . . . . . . . . . . . . . . . . . . 1 . . . . . . . . . 1 Propulsion 5 | . . . . . 1 . 2 . . . . . . 1 . . . . . . . . . . . 1 . . . Utility 8 | . . . . . 3 . . . . . . . . 1 . . . . 1 . . . . . . . 2 1 . Weapon 3 | . . . . . . . . . . . . . . . . . . . . . . . . . . 1 . 1 1 Parts Attached 300 | 7 3 1 2 . 34 13 13 1 7 2 1 1 . 5 9 5 4 2 22 2 11 2 1 21 3 18 19 53 38 Power 45 | 1 . . . . 3 5 1 . . . . . . 1 1 1 . . 3 . 2 1 . 1 . 4 2 10 9 Engine 11 | 1 . . . . 2 3 . . . . . . . . 1 1 . . 2 . . . . . . . . . 1 Core 10 | . . . . . 1 2 1 . . . . . . 1 . . . . 1 . 2 1 . . . 1 . . . Reactor 24 | . . . . . . . . . . . . . . . . . . . . . . . . 1 . 3 2 10 8 Propulsion 71 | 2 1 . . . 10 1 4 . 1 . . 1 . . . 1 1 . 8 1 2 . . 4 . 9 5 13 7 Treads 10 | 1 1 . . . 5 1 . . . . . . . . . . . . . . . . . . . . . . 2 Leg 26 | . . . . . . . . . . . . . . . . . . . . . . . . 1 . 3 5 13 4 Wheel 9 | 1 . . . . 3 . . . . . . . . . . . . . 5 . . . . . . . . . . Hover 14 | . . . . . . . . . . . . . . . . 1 1 . 3 1 2 . . 3 . 2 . . 1 Flight 12 | . . . . . 2 . 4 . 1 . . 1 . . . . . . . . . . . . . 4 . . . Utility 125 | 2 1 1 1 . 10 4 7 . 5 1 1 . . 4 7 1 3 1 10 1 6 1 . 10 2 3 7 20 16 Device 52 | 1 . 1 . . 1 2 1 . 1 1 1 . . 3 2 . 1 . 4 . 2 1 . 4 . 2 5 11 8 Storage 10 | 1 1 . 1 . 1 . 1 . . . . . . . . . . . 1 . 1 . . . . 1 . 1 1 Processor 31 | . . . . . 3 . 2 . 2 . . . . 1 1 . . . 2 1 2 . . 4 2 . 2 4 5 Hackware 6 | . . . . . . 1 . . 1 . . . . . 1 . 2 . . . . . . . . . . . 1 Protection 26 | . . . . . 5 1 3 . 1 . . . . . 3 1 . 1 3 . 1 . . 2 . . . 4 1 Artifact . | . . . . . . . . . . . . . . . . . . . . . . . . . . . . . . Weapon 59 | 2 1 . 1 . 11 3 1 1 1 1 . . . . 1 2 . 1 1 . 1 . 1 6 1 2 5 10 6 Energy Gun 11 | . . . . . 5 . . . 1 . . . . . . 1 . . . . . . . 1 . . 1 1 1 Energy Cannon 10 | . . . . . 3 . . . . . . . . . . . . 1 . . . . . . 1 1 1 1 2 Ballistic Gun 22 | 2 1 . . . . 2 . . . . . . . . . . . . . . 1 . . 3 . 1 3 8 1 Ballistic Cannon . | . . . . . . . . . . . . . . . . . . . . . . . . . . . . . . Launcher 5 | . . . 1 . . 1 . 1 . 1 . . . . . . . . . . . . . . . . . . 1 Special Weapon 2 | . . . . . 1 . . . . . . . . . . . . . . . . . 1 . . . . . . Impact Weapon 1 | . . . . . 1 . . . . . . . . . . . . . . . . . . . . . . . . Slashing Weapon 5 | . . . . . 1 . 1 . . . . . . . 1 1 . . . . . . . 1 . . . . . Piercing Weapon 3 | . . . . . . . . . . . . . . . . . . . 1 . . . . 1 . . . . 1 Special Melee Weapon . | . . . . . . . . . . . . . . . . . . . . . . . . . . . . . . Unidentified Prototypes 14 | . . . . . 7 . . . 1 . . . . . . 1 . . . . . . . 3 . . . 2 . Corrupted Parts 3 | . . . . . . . . . . . . . . . . . . . . 1 . . . . . 1 . 1 . System Corruption 12 | . . . . . . . . . . . . . . . . . . . . 7 . . . . . 4 . 1 . Parts Lost 94 | . 1 . . . 3 4 4 . . . . 1 . . 3 . . . 11 2 . . 1 2 . 15 . 11 36 Power 15 | . . . . . 1 . 1 . . . . . . . . . . . 2 1 . . . . . 1 . 2 7 Propulsion 28 | . . . . . . 2 1 . . . . . . . 2 . . . 5 . . . . . . 9 . . 9 Utility 36 | . 1 . . . 1 2 1 . . . . 1 . . 1 . . . 4 1 . . . 2 . 2 . 6 14 Weapon 15 | . . . . . 1 . 1 . . . . . . . . . . . . . . . 1 . . 3 . 3 6 Highest Loss Streak 32 | . 1 . . . 2 3 2 . . . . 1 . . 1 . . . 9 2 . . 1 1 . 6 . 5 32 To Critical Strikes 2 | . . . . . 1 . . . . . . . . . . . . . . . . . . . . . . . 1 Average Backups 14 | 4 8 10 14 16 23 23 9 9 8 8 9 9 8 8 8 8 9 9 8 5 7 12 12 13 14 7 11 15 13 Power 1 | . 1 1 1 1 1 1 1 1 1 1 1 1 1 1 1 . 1 1 . . . 1 2 2 2 . . 1 . Propulsion 2 | 1 2 3 4 4 5 7 . . . 2 2 2 2 1 . . . . 1 . 1 3 3 2 2 . 1 3 2 Utility 5 | . 1 3 5 6 7 7 4 6 5 3 3 3 2 3 4 3 3 3 3 2 3 4 4 5 6 3 6 6 8 Weapon 4 | 1 2 3 4 5 7 7 3 2 2 2 2 2 2 2 2 3 4 3 3 3 2 2 1 2 4 2 3 4 2 Tool/Special . | . . . . . . . . . . . . . . . . . . . . . . . . . . . . . . Unused Backups 90 | . 1 . . . 25 6 10 1 3 . . . . 1 4 . . 1 3 3 1 1 . 2 . 6 6 11 5 Power 9 | . . . . . 4 1 1 . . . . . . . . . . . . . . . . 1 . . . 1 1 Propulsion 22 | . 1 . . . 8 1 1 . . . . . . . . . . . . . . . . 1 . 1 3 5 1 Utility 35 | . . . . . 5 3 5 1 1 . . . . 1 3 . . . 2 1 1 . . . . 3 2 4 3 Weapon 23 | . . . . . 8 1 3 . 2 . . . . . 1 . . 1 1 2 . . . . . 2 1 1 . Tool/Special 1 | . . . . . . . . . . . . . . . . . . . . . . 1 . . . . . . . Average Slot Usage (%) 89 | . 96 100 100 100 98 99 98 96 94 92 92 92 91 92 98 93 99 100 75 60 85 94 93 84 81 58 73 85 71 Engine 2 | . 14 14 14 14 6 1 . . . . . . . 4 . . . . 4 . 1 . . . . . . . . Core 3 | . . . . . 2 7 6 7 7 7 7 7 7 1 6 5 6 6 3 1 6 11 11 4 . 2 . . . Reactor 2 | . . . . . . . . . . . . . . . . . . . . . . . . 3 5 3 8 7 9 Treads 3 | . 17 14 14 14 12 11 . . . . . . . . . . . . . . . . . . . . . . . Leg 4 | . . . . . . . . . . . . . . . . . . . . . . . . . . 5 17 20 16 Wheel 4 | . 10 14 14 14 14 15 . . . . . . . . . . . . 4 . . . . . . . . . . Hover 4 | . . . . . . . . . . . . . . . . 1 6 6 6 16 21 29 29 25 23 7 . . . Flight 10 | . . . . . . . 37 38 38 38 38 38 38 40 39 33 33 33 10 5 2 . . . . 4 . . . Device 9 | . 6 9 14 14 8 10 3 . 2 6 7 5 6 10 6 6 6 6 13 12 9 16 17 12 6 4 11 17 10 Storage 6 | . 18 18 14 14 9 9 7 7 7 7 7 7 7 6 6 6 6 6 5 1 2 5 5 5 5 3 4 4 3 Processor 12 | . . . . . 16 3 10 15 9 15 15 15 15 14 13 13 6 6 2 5 18 11 11 13 22 21 19 13 14 Hackware 2 | . . . . . . 5 7 7 10 . . . . . 5 6 11 13 6 5 4 . . . . . . . 1 Protection 5 | . . . . . 9 15 7 7 7 7 7 8 7 6 6 6 6 6 6 2 2 5 5 5 3 . . 3 2 Energy Gun 2 | . . . . . 7 9 . . 2 . . . . . . 1 . . . . . . . . . . . . . Ballistic Gun 5 | . 28 28 28 14 4 4 . . . . . . . . . . . . . . 4 4 4 7 9 1 4 13 8 Slashing Weapon 4 | . . . . . 4 3 10 7 7 6 7 7 7 6 10 10 13 13 6 5 5 5 5 2 . 2 . . . Peak Build Rating 195 | 7 8 11 14 14 39 43 49 48 47 50 50 48 48 58 61 62 63 67 81 79 103 106 106 137 131 139 154 184 195 Average Rating 80 | 5 7 9 12 14 31 36 45 45 44 46 47 46 47 57 57 56 61 63 62 65 91 103 104 119 125 87 123 169 157 On Entrance 62 | . 7 8 11 14 14 34 39 47 43 47 50 47 44 48 58 55 58 63 63 63 69 102 104 105 123 126 93 154 180 Avg Prop Armor Cover (%) 9 | 16 12 12 13 12 12 8 . . . . . . . . . 6 5 5 4 11 5 . . . . 9 . 2 7 Naked Turns . | . . . . . . . . . . . . . . . . . . . . . . . . . . . . . . Heaviest Build 160 | 11 31 31 49 49 104 110 25 24 25 30 23 24 23 28 31 26 26 26 46 20 50 58 60 83 84 79 88 141 160 Greatest Support 206 | 16 40 16 16 16 76 78 25 25 25 25 25 27 27 32 32 26 26 26 74 20 64 64 64 75 75 96 152 170 206 Greatest Overweight (x) 9 | . 1 1 3 3 6 9 . . . 1 . . . . . 3 . . 4 3 1 . . 1 1 . . . 1 Average Overweight (x) . | . . 1 1 3 3 3 . . . . . . . . . . . . . . . . . . . . . . . Largest Inventory Capacity 25 | 8 15 15 20 20 25 25 25 10 10 10 10 10 10 10 10 10 10 10 10 10 15 15 15 15 15 15 15 20 25 Average Capacity 15 | 7 10 15 17 20 24 25 10 10 10 10 10 10 10 10 10 10 10 10 10 6 10 15 15 15 15 11 15 18 17 Most Carried 25 | 7 9 14 17 17 25 25 24 10 10 10 10 10 10 10 10 10 10 10 10 10 15 15 15 15 15 15 15 20 21 Average Carried 15 | 4 7 10 15 17 24 24 10 10 9 9 9 10 9 9 9 9 10 10 9 6 8 14 14 14 14 8 13 17 15 Final Capacity 25 | 8 15 15 20 20 25 25 10 10 10 10 10 10 10 10 10 10 10 10 10 5 15 15 15 15 15 15 15 20 5 Final Carried 25 | 7 9 14 17 17 25 25 10 10 10 9 10 10 9 10 10 10 10 10 10 5 14 15 14 15 15 9 15 20 2 Class Distribution -------------------- 19% | Sprinter 18% | Scavenger-Mutant 18% | Mutant 8% | Scavenger-Skirmisher 7% | Assassin 7% | Commander-Sprinter 5% | Skirmisher 4% | Scavenger-Tank 3% | Scavenger-Gunner Dominant Class ---------------- Mutant | -10/Materials Mutant | -10/Mines Mutant | -10/Exiles Skirmisher | -9/Mines Assassin | -8/Materials Scavenger-Mutant | -8/Garrison Sprinter | -7/Factory Sprinter | -7/Waste Sprinter | -7/Factory Sprinter | -7/Lower Caves Sprinter | -7/Lower Caves Sprinter | -7/Data Miner Sprinter | -6/Proximity Caves Sprinter | -6/Factory Sprinter | -6/Extension Commander-Sprinter | -6/Cetus Commander-Sprinter | -6/Archives Commander-Sprinter | -6/Hub_04(d) Scavenger-Mutant | -5/Factory Mutant | -5/Waste Mutant | -5/Factory Sprinter | -5/Upper Caves Sprinter | -5/Upper Caves Scavenger-Mutant | -5/Warlord Scavenger-Mutant | -4/Proximity Caves Mutant | -4/Factory Skirmisher | -3/Research Scavenger-Tank | -2/Research Scavenger-Skirmisher | -1/Access Resources | -11 -10 -10 -10 -9 -8 -8 -7 -7 -7 -7 -7 -7 -6 -6 -6 -6 -6 -6 -5 -5 -5 -5 -5 -5 -4 -4 -3 -2 -1 ----------- Run | Yrd Mat Min Exi Min Mat Gar Fac Was Fac Low Low Dat Pro Fac Ext Cet Arc Hub Fac Was Fac Upp Upp War Pro Fac Res Res Acc Matter Collected 10541 | 267 66 . 86 . 806 540 298 36 73 141 75 . 55 . 644 87 60 30 347 . 301 126 185 847 349 240 430 3438 1014 Remotely 1843 | . . . . . . . . . . . . . . . . . . . . . . . . . . . . 1550 293 Salvage Created 10585 | 57 68 . . . 1276 825 120 . 44 16 2 . 32 . 547 64 298 58 1037 . 247 . 150 863 587 566 103 2381 1244 Parts 473 | 10 4 . . . 88 35 9 . 6 1 . . 4 . 29 4 23 2 32 . 3 . 7 44 18 22 3 79 50 Haulers Intercepted 7 | . . . . . 5 . 1 . . . . . . . . . . . 1 . . . . . . . . . . Recyclers Shooed 4 | . . . . . . . . . . . . . . . . . . . . . . . . . . 1 1 . 2 Parts Field Recycled . | . . . . . . . . . . . . . . . . . . . . . . . . . . . . . . Retrieved Matter . | . . . . . . . . . . . . . . . . . . . . . . . . . . . . . . Parts Self-Destructed 42 | . . . . . . . . . . 8 . . 6 . . . . . . . . . 10 . 18 . . . . Prevented 5 | . . . . . . . . . . . . . 5 . . . . . . . . . . . . . . . . Parts Restored . | . . . . . . . . . . . . . . . . . . . . . . . . . . . . . . Kills | -11 -10 -10 -10 -9 -8 -8 -7 -7 -7 -7 -7 -7 -6 -6 -6 -6 -6 -6 -5 -5 -5 -5 -5 -5 -4 -4 -3 -2 -1 ------- Run | Yrd Mat Min Exi Min Mat Gar Fac Was Fac Low Low Dat Pro Fac Ext Cet Arc Hub Fac Was Fac Upp Upp War Pro Fac Res Res Acc Combat Hostiles Destroyed 138 | . 1 . . . 23 19 1 . . 3 1 . . . 9 . . . 4 . . . 4 13 6 8 . 30 16 Melee 12 | . . . . . . . 1 . . . . . . . 4 . . . 4 . . . 1 . . 2 . . . Guns 80 | . 1 . . . 19 13 . . . . . . . . . . . . . . . . . 13 6 2 . 19 7 Cannons 12 | . . . . . 2 . . . . . . . . . . . . . . . . . . . . 1 . 6 3 AOE 23 | . . . . . 2 6 . . . 3 1 . . . 5 . . . . . . . 3 . . 1 . . 2 Classes Destroyed 23 | 1 2 . . . 7 1 2 . 1 . . . 1 . 1 . . . . . . . . 3 . 1 . 2 1 Worker 9 | . . . . . 3 . . . . . . . . . 1 . . . 4 . . . . . . 1 . . . Builder 6 | . . . . . 3 . . . . . . . . . 2 . . . . . . . . . . . . . 1 Tunneler 3 | 3 . . . . . . . . . . . . . . . . . . . . . . . . . . . . . Hauler 7 | . . . . . 5 . 1 . . . . . . . . . . . 1 . . . . . . . . . . Recycler 9 | . 1 . . . 1 . . . . . . . . . . . . . 4 . 2 . . . . . 1 . . Minesweeper 1 | . . . . . . . . . . . . . 1 . . . . . . . . . . . . . . . . Mechanic 1 | . . . . . . . 1 . . . . . . . . . . . . . . . . . . . . . . Operator 12 | . . . . . . . . . 1 . . . . . 2 . 9 . . . . . . . . . . . . Watcher 16 | . . . . . 2 2 . . 1 . . . . . 3 1 . 2 1 . . . . . 2 . . 1 1 Swarmer 24 | . . . . . 10 3 . . . 3 1 . . . 3 . . . . . . . 4 . . . . . . Grunt 40 | . 1 . . . 5 10 . . . . . . . . 5 . . . . . . . . 6 5 . . 6 2 Brawler 1 | . . . . . . . . . . . . . . . . . . . . . . . . . . . . . 1 Protector 5 | . . . . . . . . . . . . . . . . . . . . . . . . 5 . . . . . Sentry 16 | . . . . . 6 5 . . . . . . . . 1 . . . 1 . . . . . 1 . . 1 1 Demolisher 4 | . . . . . . . . . . . . . . . . . . . . . . . . 1 . . . 3 . Specialist 1 | . . . . . . 1 . . . . . . . . . . . . . . . . . . . . . . . Hunter 9 | . . . . . 2 . . . . . . . . . . . . . . . . . . . . 1 . 5 1 Programmer 16 | . . . . . . . 1 . . . . . . . . . . . 2 . . . . . . 4 . 1 8 Tracker 4 | . . . . . . . . . . . . . . . . . . . 1 . . . . . . . . 2 1 Combat Programmer 5 | . . . . . . . . . . . . . . . . . . . . . . . . . . . . 3 2 Striker 7 | . . . . . . . . . . . . . . . . . . . . . . . . . . . . 7 . Executioner 2 | . . . . . . . . . . . . . . . . . . . . . . . . 1 . . . 1 . Assembled 3 | . . . . . . . . . . . . . . . . . . . . . . . . . . 3 . . . Butcher 1 | . . . . . . . . . . . . . . . 1 . . . . . . . . . . . . . . Guerrilla 1 | . . . . . . . . . . . . . . . . . . . . . . . . . . . . 1 . Mutant 1 | . . . . . . . . . . . . . . . . . . . . . . . . . . . . 1 . Best Kill Streak 8 | 2 1 . . . 5 3 1 . 2 3 1 . 1 . 4 1 8 1 3 . 2 . 3 4 3 3 1 4 6 Combat Bots Only 6 | . 1 . . . 5 3 1 . . 3 1 . . . 2 . . . 1 . . . 3 4 3 2 . 4 6 Max Kills in Single Turn 3 | 1 1 . . . 2 1 1 . 1 1 1 . 1 . 2 1 1 1 1 . 1 . 3 1 1 2 1 3 1 Gunslinging . | . . . . . . . . . . . . . . . . . . . . . . . . . . . . . . Exploded 3 | . . . . . 1 1 . . . 1 1 . . . 2 . . . . . . . 3 . . 1 . . 1 Melee 1 | . . . . . . . 1 . . . . . . . 1 . . . 1 . . . 1 . . 1 . . . Uniques/NPCs Destroyed 1 | . . . . . . . . . . . . . . . . 1 . . . . . . . . . . . . . A7 (-6/Cetus) Combat | -11 -10 -10 -10 -9 -8 -8 -7 -7 -7 -7 -7 -7 -6 -6 -6 -6 -6 -6 -5 -5 -5 -5 -5 -5 -4 -4 -3 -2 -1 -------- Run | Yrd Mat Min Exi Min Mat Gar Fac Was Fac Low Low Dat Pro Fac Ext Cet Arc Hub Fac Was Fac Upp Upp War Pro Fac Res Res Acc Hostile Shots Fired 1839 | . 18 . . . 137 118 98 . 9 9 9 5 . 6 71 2 . 18 113 1 . . 44 57 12 221 4 368 519 Missed 652 | . 5 . . . 35 29 58 . 5 4 5 1 . 4 42 . . 17 23 . . . 9 30 3 93 3 125 161 Hits 1187 | . 13 . . . 102 89 40 . 4 5 4 4 . 2 29 2 . 1 90 1 . . 35 27 9 128 1 243 358 Melee 14 | . . . . . . . . . . . . . . . . . . . . 1 . . . . . . . 13 . Projectile 1173 | . 13 . . . 102 89 40 . 4 5 4 4 . 2 29 2 . 1 90 . . . 35 27 9 128 1 230 358 AOE 24 | . . . . . . . . . . . . . . . . . . . . . . . . 3 . . . 19 2 Critical Strikes 73 | . . . . . 9 2 . . . . 1 . . . . 1 . . 8 . . . . 3 1 4 . 18 26 Actively Blocked 2 | . . . . . 2 . . . . . . . . . . . . . . . . . . . . . . . . Part Disruptions 11 | . . . . . . . . . . . . . . . . . . . . . . . . . . 2 . 3 6 Damage Taken 23569 | . 144 . . . 1239 1219 571 . 27 87 77 190 . 11 420 109 . 5 2096 35 . . 548 1024 207 2331 47 6091 7091 Core 3948 | . . . . . 244 115 144 . 16 18 39 . . . 143 . . 5 269 12 . . 84 125 49 476 . 606 1603 Absorbed by Shields 1771 | . . . . . . . . . . . . . . . 88 26 . . . . . . . . . . 18 812 827 Redirected to Shielding 269 | . . . . . 54 . . . . . . 62 . . . . . . 153 . . . . . . . . . . Ignored by Resistances 151 | . . . . . 24 96 . . . . . . . . . . . . . . . . . 31 . . . . . Regen/Repaired (Parts) 1506 | . 36 . . . 234 . 2 . . . . . . . . . . . 45 3 210 . . 142 . 20 . 354 460 Core Remaining (%) 71 | 100 . . . 100 . 34 . . . . . . 69 . . . . 82 . . . . . . 46 58 100 58 . Volleys Fired 603 | 6 11 . . . 116 77 . . . 4 2 . . . 12 1 . . . . . . 23 68 30 19 22 137 75 Largest 4 | 2 2 . . . 2 2 . . . 1 1 . . . 1 1 . . . . . . 1 2 2 2 1 4 3 Hottest 250 | 40 40 . . . 119 112 . . . 39 39 . . . 39 240 . . . . . . 39 76 73 250 105 250 250 Shots Fired 1159 | 12 22 . . . 206 133 . . . 4 2 . . . 12 1 . . . . 1 1 22 103 53 28 22 405 132 Gun 964 | 12 22 . . . 191 121 . . . . . . . . . 1 . . . . 1 1 20 91 53 22 . 353 76 Cannon 145 | . . . . . 10 . . . . . . . . . . . . . . . . . . . . 6 22 52 55 Launcher 36 | . . . . . 4 12 . . . 4 2 . . . 12 . . . . . . . 1 . . . . . 1 Special 14 | . . . . . 1 . . . . . . . . . . . . . . . . . 1 12 . . . . . Kinetic 733 | 12 22 . . . 49 35 . . . . . . . . . . . . . . 1 1 20 91 53 22 . 353 74 Thermal 361 | . . . . . 142 86 . . . . . . . . . 1 . . . . . . . . . 1 22 52 57 Explosive 36 | . . . . . 4 12 . . . 4 2 . . . 12 . . . . . . . 1 . . . . . 1 Electromagnetic 15 | . . . . . 10 . . . . . . . . . . . . . . . . . . . . 5 . . . Robot Hit Streak 30 | 4 9 . . . 16 30 . . . . . . . . 5 . . . . . . . 1 13 10 9 6 11 13 Robot Miss Streak 13 | 2 3 . . . 5 2 . . . . . . . . 1 . . . . . . . 13 3 2 2 . 6 4 Penetration Max 2 | . . . . . . 1 . . . . . . . . . . . . . . . . . 2 . 2 . 1 1 Secondary Targets 9 | . . . . . 2 . . . . . . . . . . . . . . . . . . 3 . 2 . 2 . Max Gunslinging Chain 1 | . . . . . 1 . . . . . . . . . . . . . . . . . . 1 . 1 . 1 . Shots Hit Robots 811 | 8 14 . . . 126 96 10 . 3 . . 1 1 . 23 10 13 4 47 . 3 . 7 77 34 23 5 233 73 Core Hits 423 | 5 3 . . . 60 41 2 . 1 4 1 . 1 . 35 2 5 2 19 . 1 . 8 34 15 22 3 107 52 Critical Kills 27 | . . . . . 2 . . . . . . . . . . . . . . . . . . 5 6 3 . 11 . Critical Parts Destroyed 57 | . . . . . . 1 . . . . . . . . . . . . . . . . 3 6 5 4 . 38 . Critical Strikes 125 | . . . . . 19 7 . . . . . . . . 4 1 . . 6 . 1 . 3 12 11 10 . 51 . Burn 21 | . . . . . 15 6 . . . . . . . . . . . . . . . . . . . . . . . Meltdown 1 | . . . . . . . . . . . . . . . . . . . . . . . . . . . . 1 . Destroy 88 | . . . . . 3 1 . . . . . . . . . . . . . . . . 3 12 11 8 . 50 . Corrupt 2 | . . . . . . . . . . . . . . . . . . . . . . . . . . 2 . . . Sever 13 | . . . . . 1 . . . . . . . . . 4 1 . . 6 . 1 . . . . . . . . Melee Attacks 341 | . . . . . 32 38 52 . 20 1 1 1 3 11 26 10 14 7 78 . 14 . 11 1 2 18 . . 1 Impact 2 | . . . . . 2 . . . . . . . . . . . . . . . . . . . . . . . . Slashing 332 | . . . . . 30 38 52 . 20 1 1 1 3 11 26 10 14 7 72 . 14 . 11 1 2 18 . . . Piercing 7 | . . . . . . . . . . . . . . . . . . . 6 . . . . . . . . . 1 Sneak Attacks 43 | . . . . . 1 . 3 . 1 . . 1 1 . 5 9 9 . 10 . 3 . . . . . . . . Combat Hostiles 4 | . . . . . . . . . . . . . . . 4 . . . . . . . . . . . . . . Follow-up Attacks 5 | . . . . . . . . . . . . . . . 3 2 . . . . . . . . . . . . . Damage Inflicted 25065 | 63 144 . . . 2172 1743 525 . 199 249 125 88 83 . 2379 530 1233 241 2241 . 235 . 385 2044 555 1256 224 4878 3473 Guns 11179 | 63 142 . . . 1680 1219 . . . . . . . . . . . . . . . . 40 2044 510 563 . 3021 1897 Cannons 3082 | . . . . . 142 . . . . . . . . . . . . . . . . . . . . 184 224 1452 1080 Explosions 3734 | . . . . . 166 524 . . . 249 125 . . . 1255 . . . . . . . 154 . . 396 . 405 460 Melee 7027 | . . . . . 184 . 525 . 199 . . 88 83 . 1124 530 1233 241 2241 . 235 . 191 . 45 108 . . . Ramming 43 | . 2 . . . . . . . . . . . . . . . . . . . . . . . . 5 . . 36 Kinetic 8956 | 63 142 . . . 236 494 . . . . . . . . . . . . . . . . 40 2044 510 563 . 3021 1843 Thermal 5804 | . . . . . 1444 725 . . . . . . . . . . . . . . . . . . . 169 224 1734 1508 Explosive 2961 | . . . . . 166 524 . . . 249 125 . . . 1255 . . . . . . . 154 . . 279 . 123 86 Electromagnetic 274 | . . . . . 142 . . . . . . . . . . . . . . . . . . . . 132 . . . Impact . | . . . . . . . . . . . . . . . . . . . . . . . . . . . . . . Slashing 6963 | . . . . . 184 . 525 . 199 . . 88 83 . 1124 530 1233 241 2177 . 235 . 191 . 45 108 . . . Piercing 64 | . . . . . . . . . . . . . . . . . . . 64 . . . . . . . . . . Highest Corruption 51 | . . . . . . . 7 7 7 2 2 2 2 . 1 1 1 2 20 39 40 40 40 40 2 5 2 27 51 Average Corruption 11 | . . . . . . . 6 7 4 2 2 2 2 . 1 1 1 1 14 26 39 40 40 7 2 1 1 19 16 Corruption Purged 6 | . . . . . . . . . 5 . . . . . . . 1 . . . . . . . . . . . . Corruption Blocked . | . . . . . . . . . . . . . . . . . . . . . . . . . . . . . . Effects 312 | . . . . . . . 17 7 11 5 1 1 6 . 16 3 . 3 20 7 26 15 26 2 11 2 5 88 40 Message Errors 54 | . . . . . . . 4 . 3 . . . 3 . 2 1 . 1 4 . 4 2 5 . 3 2 1 14 5 Matter Fused 85 | . . . . . . . 4 1 5 1 . . 1 . 6 1 . . 7 4 7 6 6 1 3 . . 19 13 Heat Flow Errors 33 | . . . . . . . 2 . . 1 . . 1 . 3 . . . 2 . 4 . 4 . 2 . 1 9 4 Energy Discharges 34 | . . . . . . . 3 3 2 1 . 1 . . 1 1 . 2 1 2 . . . . 2 . 1 12 2 Parts Rejected 6 | . . . . . . . . . . . . . . . . . . . 1 . . . 1 . . . . 3 1 Parts Fused 4 | . . . . . . . 1 . . 1 . . . . . . . . . . 1 . . . . . 1 . . Data Loss (minor) 28 | . . . . . . . 1 1 1 . 1 . . . 2 . . . 1 . 5 3 2 . . . . 11 . Data Loss (major) 22 | . . . . . . . 1 2 . 1 . . . . 1 . . . 2 . 3 2 2 . 1 . 1 4 2 Misfires 13 | . . . . . . . . . . . . . . . . . . . . . 1 1 2 1 . . . 7 1 Alerts 9 | . . . . . . . 1 . . . . . 1 . 1 . . . 1 . 1 1 . . . . . 1 2 Misdirections 11 | . . . . . . . . . . . . . . . . . . . 1 1 . . 1 . . . . . 8 Weapon Failures 13 | . . . . . . . . . . . . . . . . . . . . . . . 3 . . . . 8 2 Overload Shots 1 | . . . . . . . . . . . . . . . . 1 . . . . . . . . . . . . . Overflow Damage 1370 | . . . . . . . 143 . 13 20 12 28 . . 115 26 583 50 137 . 66 . 24 . . 45 . 39 69 Projectiles 99 | . . . . . . . . . . . . . . . . . . . . . . . . . . . . 39 60 Explosions 90 | . . . . . . . . . . 20 12 . . . . . . . . . . . 13 . . 45 . . . Melee 1181 | . . . . . . . 143 . 13 . . 28 . . 115 26 583 50 137 . 66 . 11 . . . . . 9 Knockbacks . | . . . . . . . . . . . . . . . . . . . . . . . . . . . . . . Impact . | . . . . . . . . . . . . . . . . . . . . . . . . . . . . . . Kinetic . | . . . . . . . . . . . . . . . . . . . . . . . . . . . . . . Secondary . | . . . . . . . . . . . . . . . . . . . . . . . . . . . . . . Self-Inflicted Damage 322 | . . . . . . 9 . . . 8 . . . . 6 . . . . . . . . . . 83 . 86 130 Shots 23 | . . . . . . 1 . . . 1 . . . . 1 . . . . . . . . . . 1 . 6 13 Rammed . | . . . . . . . . . . . . . . . . . . . . . . . . . . . . . . Targets Rammed 5 | . 1 . . . . . . . . . . . . . . . . . . . . . . . . 2 . . 2 Kicked 4 | . . . . . . . . . . . . . . . . . . . . . . . . . . 2 . . 2 Crushed 1 | . 1 . . . . . . . . . . . . . . . . . . . . . . . . . . . . Highest Temperature 610 | . 1 . . . 293 202 240 114 196 420 122 58 237 310 252 208 4 . 258 . 449 198 192 88 238 306 163 501 610 Average Temperature 83 | . 1 . . . 89 86 77 51 61 117 57 26 71 135 61 107 3 . 60 . 170 133 75 29 50 112 54 111 83 Received Heat Transfer 2204 | . 78 . . . 414 540 114 . 6 . . . . . 122 9 . . 54 . . . 12 126 30 256 . 419 24 Effects 21 | . . . . . . . . . . 1 . . . . . 1 . . 1 . 9 . . . . . . 2 7 Shutdowns 8 | . . . . . . . . . . 1 . . . . . . . . . . 4 . . . . . . 2 1 Energy Bleed 6 | . . . . . . . . . . . . . . . . 1 . . 1 . 3 . . . . . . . 1 Interference 2 | . . . . . . . . . . . . . . . . . . . . . 2 . . . . . . . . Damage (minor) 1 | . . . . . . . . . . . . . . . . . . . . . . . . . . . . . 1 Damage (major) 3 | . . . . . . . . . . . . . . . . . . . . . . . . . . . . . 3 Damage (core) 1 | . . . . . . . . . . . . . . . . . . . . . . . . . . . . . 1 Siege Activations . | . . . . . . . . . . . . . . . . . . . . . . . . . . . . . . Martial Activations . | . . . . . . . . . . . . . . . . . . . . . . . . . . . . . . Shielding Activations . | . . . . . . . . . . . . . . . . . . . . . . . . . . . . . . Robots Disrupted . | . . . . . . . . . . . . . . . . . . . . . . . . . . . . . . Combat Hostiles . | . . . . . . . . . . . . . . . . . . . . . . . . . . . . . . Robots Corrupted 2 | . . . . . . . . . . . . . . . . . . . . . . . . . . 1 . . 1 Combat Hostiles 1 | . . . . . . . . . . . . . . . . . . . . . . . . . . 1 . . . Parts Fried 9 | . . . . . 2 . . . . . . . . . . . . . . . . . . . . 2 . 1 4 Impact Corruptions 1 | . . . . . . . . . . . . . . . . . . . . . . . . . . . . . 1 Robots Melted 10 | . . . . . . . . . . . . . . . . . . . . . . . . . . 1 . 5 4 Combat Hostiles 10 | . . . . . . . . . . . . . . . . . . . . . . . . . . 1 . 5 4 Parts Melted 42 | . . . . . 6 5 . . . . . . . . . . . . . . . . . 3 . 4 . 10 14 Heat Transferred 14006 | . . . . . 4736 2220 . . . . . . . . . . . . . . . . . . . 560 185 2679 3626 Parts Sabotaged . | . . . . . . . . . . . . . . . . . . . . . . . . . . . . . . Parts Stolen . | . . . . . . . . . . . . . . . . . . . . . . . . . . . . . . Parts Stripped . | . . . . . . . . . . . . . . . . . . . . . . . . . . . . . . Power Chain Reactions . | . . . . . . . . . . . . . . . . . . . . . . . . . . . . . . Alert | -11 -10 -10 -10 -9 -8 -8 -7 -7 -7 -7 -7 -7 -6 -6 -6 -6 -6 -6 -5 -5 -5 -5 -5 -5 -4 -4 -3 -2 -1 ------- Run | Yrd Mat Min Exi Min Mat Gar Fac Was Fac Low Low Dat Pro Fac Ext Cet Arc Hub Fac Was Fac Upp Upp War Pro Fac Res Res Acc Maximum Alert Level 4 | . . . . . 1 4 2 1 1 . . . . . 2 1 1 1 . . . . . . . . . 2 1 Low Security (%) 67 | 100 100 100 . 100 60 . . 81 70 . . . . 100 80 . 28 92 100 100 100 . . . . 100 100 81 86 Level 1 20 | . . . . . 39 42 . 18 29 . . . . . 11 100 71 7 . . . . . . . . . 14 13 Level 2 8 | . . . . . . 19 100 . . . . . . . 8 . . . . . . . . . . . . 3 . Level 3 3 | . . . . . . 34 . . . . . . . . . . . . . . . . . . . . . . . Level 4 . | . . . . . . 2 . . . . . . . . . . . . . . . . . . . . . . . Level 5 . | . . . . . . . . . . . . . . . . . . . . . . . . . . . . . . High Security . | . . . . . . . . . . . . . . . . . . . . . . . . . . . . . . Max Security . | . . . . . . . . . . . . . . . . . . . . . . . . . . . . . . Peak Influence 1155 | 10 38 3 . . 323 1155 665 215 237 . . . . 15 539 375 271 315 177 15 45 . . . . 153 23 415 242 Initial 606 | . . 3 . . . 208 606 215 80 . . . . . . 287 120 84 149 4 . . . . . 12 9 . 242 Average 180 | 1 12 . . . 146 587 607 165 153 . . . . 2 135 318 219 152 62 2 6 . . . . 61 1 98 110 Influence Increases 9251 | 15 78 . . . 888 987 411 . 608 130 95 . 5 25 1304 365 251 351 404 15 117 . 207 549 140 477 62 994 773 Destroy 0b10 Robot/C 3960 | . 20 . . . 460 380 20 . 280 60 20 . . . 600 160 80 100 120 . . . 120 400 120 100 . 600 320 Destroy 0b10 Robot/NC 400 | 15 5 . . . 70 10 10 . 15 . . . 5 . 45 10 45 15 55 . 10 . 10 25 10 25 5 5 10 Destroy Leader 678 | . 10 . . . 134 20 10 . 72 10 . . . . 56 . . 36 56 . . . . . 10 20 . 152 92 Allied During Kill 1037 | . . . . . . . . . 189 . . . . . 262 148 125 151 36 . . . 2 124 . . . . . Successful Hack 473 | . 13 . . . 33 44 91 . 11 . . . . . 33 7 . 28 63 . 85 . . . . 27 14 . 24 Select Force Hacks 30 | . 30 . . . . . . . . . . . . . . . . . . . . . . . . . . . . Disable Machine 390 | . . . . . 75 45 . . 30 . . . . 15 45 15 . 15 . . . . . . . 75 15 30 30 Anti-Garrison Action 300 | . . . . . . 300 . . . . . . . . . . . . . . . . . . . . . . . Destroy Structure 828 | . . . . . 56 113 40 . 11 . . . . 10 83 25 1 6 44 . 22 . . . . 110 28 102 177 Partial Spotted 240 | . . . . . . . 135 . . . . . . . 90 . . . . 15 . . . . . . . . . Lose Combat Pursuer 915 | . . . . . 60 75 105 . . 60 75 . . . 90 . . . 30 . . . 75 . . 120 . 105 120 Influence Decreases 9066 | 15 70 8 . . 567 153 949 502 515 218 93 122 5 25 791 576 312 287 696 28 117 . 124 390 362 479 80 589 993 Entered New Map 2562 | . . 5 . . . 113 549 402 35 78 23 122 . . . 226 182 157 156 9 . . . 83 242 8 9 . 163 Time Decay 4845 | 15 70 3 . . 537 . 350 100 270 140 70 . 5 25 571 230 90 110 350 19 117 . 94 167 120 317 71 498 506 Lost Part 829 | . . . . . 30 40 40 . . . . . . . 20 . . . 110 . . . 10 20 . 144 . 91 324 Lost Ally 830 | . . . . . . . 10 . 210 . . . . . 200 120 40 20 80 . . . 20 120 . 10 . . . Squads Dispatched 53 | . 3 1 . . 2 . 4 . 5 . . . . . 4 . . 2 3 . 4 . . . . 3 6 7 9 Investigation 18 | . 1 1 . . 2 . 3 . . . . . . . 3 . . 1 . . 3 . . . . . 2 2 . Extermination 12 | . . . . . . . 1 . 1 . . . . . . . . 1 1 . 1 . . . . 3 . . 4 Reinforcement 12 | . 2 . . . . . . . 1 . . . . . 1 . . . 1 . . . . . . . 3 1 3 Assault . | . . . . . . . . . . . . . . . . . . . . . . . . . . . . . . Garrison 3 | . . . . . . . . . 3 . . . . . . . . . . . . . . . . . . . . Intercept 8 | . . . . . . . . . . . . . . . . . . . 1 . . . . . . . 1 4 2 Searches Triggered . | . . . . . . . . . . . . . . . . . . . . . . . . . . . . . . Construction Impeded 2 | . . . . . . . . . . . . . . . 1 . . . . . . . . . . . . . 1 Haulers Reinforced 2 | . . . . . . . . . . . . . . . . . . . . . . . . . . . 2 . . Active Scanning Responses . | . . . . . . . . . . . . . . . . . . . . . . . . . . . . . . Cargo Convoy Interrupts 1 | . . . . . . . . . . . . . . . . . . . . . . . . . . 1 . . . Stealth | -11 -10 -10 -10 -9 -8 -8 -7 -7 -7 -7 -7 -7 -6 -6 -6 -6 -6 -6 -5 -5 -5 -5 -5 -5 -4 -4 -3 -2 -1 --------- Run | Yrd Mat Min Exi Min Mat Gar Fac Was Fac Low Low Dat Pro Fac Ext Cet Arc Hub Fac Was Fac Upp Upp War Pro Fac Res Res Acc Distress Signals 40 | . 1 . . . 3 4 1 . 2 . . . . . 1 2 . 1 3 . . . . 3 . 1 6 9 3 Communications Jammed 34 | . . . . . . . . . . . . . . . . . 1 . . . . . . 2 31 . . . . Distress Signals 34 | . . . . . . . . . . . . . . . . . 1 . . . . . . 2 31 . . . . Times Spotted 416 | . 7 . . . 41 25 15 . 5 14 7 4 . 1 37 10 5 9 14 6 2 . 7 76 7 41 6 46 31 Peak Tracking Total 17 | . 4 . . . 7 7 6 . 2 7 7 4 . 1 6 5 1 3 4 6 1 . 3 17 1 12 2 6 8 Tactical Retreats 44 | . . . . . 2 3 3 . . 1 2 . . . 7 . . . 2 . . . 5 . . 7 . 7 5 ECM-based Alert Blocks 5 | . . . . . . . . . . . . . . . 5 . . . . . . . . . . . . . . Traps | -11 -10 -10 -10 -9 -8 -8 -7 -7 -7 -7 -7 -7 -6 -6 -6 -6 -6 -6 -5 -5 -5 -5 -5 -5 -4 -4 -3 -2 -1 ------- Run | Yrd Mat Min Exi Min Mat Gar Fac Was Fac Low Low Dat Pro Fac Ext Cet Arc Hub Fac Was Fac Upp Upp War Pro Fac Res Res Acc Traps Triggered 24 | . . . . . 2 4 2 . . . . . . . 6 . . 2 2 . . . . . . 2 . . 4 Indirectly . | . . . . . . . . . . . . . . . . . . . . . . . . . . . . . . Trap Hack Attempts . | . . . . . . . . . . . . . . . . . . . . . . . . . . . . . . Triggered . | . . . . . . . . . . . . . . . . . . . . . . . . . . . . . . Disarmed . | . . . . . . . . . . . . . . . . . . . . . . . . . . . . . . Reprogrammed . | . . . . . . . . . . . . . . . . . . . . . . . . . . . . . . Reused . | . . . . . . . . . . . . . . . . . . . . . . . . . . . . . . Traps Extracted . | . . . . . . . . . . . . . . . . . . . . . . . . . . . . . . Installed 1 | . . . . . . . . . . . . . 1 . . . . . . . . . . . . . . . . Triggered . | . . . . . . . . . . . . . . . . . . . . . . . . . . . . . . Machines | -11 -10 -10 -10 -9 -8 -8 -7 -7 -7 -7 -7 -7 -6 -6 -6 -6 -6 -6 -5 -5 -5 -5 -5 -5 -4 -4 -3 -2 -1 ---------- Run | Yrd Mat Min Exi Min Mat Gar Fac Was Fac Low Low Dat Pro Fac Ext Cet Arc Hub Fac Was Fac Upp Upp War Pro Fac Res Res Acc Machines Disabled 35 | . . . . . 5 5 . . 2 . . . . 1 7 1 . 1 . . . . 1 . 2 5 1 2 2 Max in Single Turn 2 | . . . . . 2 2 . . 1 . . . . 1 2 1 . 1 . . . . . . 1 1 1 1 1 Garrison Access 5 | . . . . . . . 2 . 1 . . . . . . . . . 1 . . . . . . . . 1 . Garrison Relay 2 | . . . . . . 2 . . . . . . . . . . . . . . . . . . . . . . . Machines Repaired . | . . . . . . . . . . . . . . . . . . . . . . . . . . . . . . Machines Dismantled . | . . . . . . . . . . . . . . . . . . . . . . . . . . . . . . Machines Sabotaged . | . . . . . . . . . . . . . . . . . . . . . . . . . . . . . . Overloaded Fab Kills . | . . . . . . . . . . . . . . . . . . . . . . . . . . . . . . Hacking | -11 -10 -10 -10 -9 -8 -8 -7 -7 -7 -7 -7 -7 -6 -6 -6 -6 -6 -6 -5 -5 -5 -5 -5 -5 -4 -4 -3 -2 -1 --------- Run | Yrd Mat Min Exi Min Mat Gar Fac Was Fac Low Low Dat Pro Fac Ext Cet Arc Hub Fac Was Fac Upp Upp War Pro Fac Res Res Acc Machines Accessed 126 | . 4 1 2 . 16 3 16 . 12 . 1 4 . 3 7 3 . 4 10 . 13 . . 8 1 6 7 2 3 Terminals 69 | . 2 . . . 9 3 11 . 4 . . . . 1 6 3 . 4 6 . 8 . . . 1 3 4 1 3 Fabricators 6 | . . . . . . . 1 . 1 . . . . 1 . . . . . . 2 . . . . . 1 . . Repair Stations 8 | . 1 . . . 2 . 1 . 1 . . . . . . . . . . . 3 . . . . . . . . Recycling Units 12 | . 1 . . . 2 . . . 3 . . . . . 1 . . . 2 . . . . . . 2 1 . . Scanalyzers 7 | . . . . . 2 . 1 . 1 . . . . . . . . . 1 . . . . . . 1 1 . . Garrison Access 8 | . . . . . 1 . 2 . 2 . . . . 1 . . . . 1 . . . . . . . . 1 . Total Hacks 343 | . 12 1 2 . 47 6 43 . 34 . 1 25 . 3 20 9 . 10 39 . 28 . . 21 3 14 17 4 4 Successful 194 | . 9 1 2 . 25 3 24 . 21 . 1 25 . . 10 2 . 4 26 . 9 . . 21 1 7 2 . 1 Failed 146 | . 3 . . . 21 3 19 . 13 . . . . 3 10 7 . 6 12 . 19 . . . 2 6 15 4 3 Catastrophic 31 | . . . . . 2 1 3 . 1 . . . . 2 2 4 . 1 . . 5 . . . . . 6 2 2 Database Lockouts 3 | . . . . . 1 . . . . . . . . . . . . . 1 . . . . . . 1 . . . Manual 163 | . 5 . 1 . 21 2 28 . 16 . . . . 1 13 1 . 10 24 . 16 . . 1 . 7 9 4 4 Terminals 178 | . 7 . . . 27 6 30 . 8 . . . . 1 17 9 . 10 22 . 15 . . . 3 7 10 2 4 Fabricators 14 | . . . . . . . 2 . 2 . . . . 1 . . . . . . 6 . . . . . 3 . . Repair Stations 23 | . 2 . . . 8 . 2 . 4 . . . . . . . . . . . 7 . . . . . . . . Recycling Units 34 | . 3 . . . 6 . . . 8 . . . . . 3 . . . 8 . . . . . . 4 2 . . Scanalyzers 32 | . . . . . 5 . 6 . 9 . . . . . . . . . 7 . . . . . . 3 2 . . Garrison Access 12 | . . . . . 1 . 3 . 3 . . . . 1 . . . . 2 . . . . . . . . 2 . Terminal Hacks 82 | . 2 1 2 . 8 3 4 . 1 . 1 25 . . 3 2 . . 6 . 2 . . 21 1 . . . . Record 22 | . . . 1 . . . . . . . . 11 . . . 2 . . . . . . . 8 . . . . . Part Schematic 9 | . . . . . . . . . . . . 8 . . . . . . . . 1 . . . . . . . . Robot Schematic 3 | . . . . . . . . . . . . 3 . . . . . . . . . . . . . . . . . Robot Analysis 5 | . . . . . 3 . 2 . . . . . . . . . . . . . . . . . . . . . . Prototype ID Bank 14 | . . . . . . . . . . . . 3 . . . . . . . . . . . 11 . . . . . Open Door 7 | . . 1 . . . . . . . . 1 . . . 2 . . . . . . . . 2 1 . . . . Branch Access Points 3 | . . . . . 1 . 1 . . . . . . . . . . . 1 . . . . . . . . . . Terminal Index 3 | . . . . . 1 . . . 1 . . . . . 1 . . . . . . . . . . . . . . Alert Level 1 | . . . . . . . . . . . . . . . . . . . 1 . . . . . . . . . . Locate Traps 4 | . 1 . . . . . 1 . . . . . . . . . . . 2 . . . . . . . . . . Transport Status 2 | . . . . . 2 . . . . . . . . . . . . . . . . . . . . . . . . Hauler Manifests 4 | . 1 . . . 1 . . . . . . . . . . . . . 1 . 1 . . . . . . . . Zone Layout 1 | . . . . . . . . . . . . . . . . . . . 1 . . . . . . . . . . Garrison Registry 1 | . . . . . . 1 . . . . . . . . . . . . . . . . . . . . . . . Patrol Navigation 1 | . . . . . . 1 . . . . . . . . . . . . . . . . . . . . . . . Security Stations 1 | . . . . . . 1 . . . . . . . . . . . . . . . . . . . . . . . Proto ID Catalog 1 | . . . 1 . . . . . . . . . . . . . . . . . . . . . . . . . . Fabricator Hacks 4 | . . . . . . . 1 . . . . . . . . . . . . . 2 . . . . . 1 . . Network Status 2 | . . . . . . . 1 . . . . . . . . . . . . . 1 . . . . . . . . Load Schematic 2 | . . . . . . . . . . . . . . . . . . . . . 1 . . . . . 1 . . Repair Station Hacks 13 | . 2 . . . 6 . . . 2 . . . . . . . . . . . 3 . . . . . . . . Scan Component 6 | . 1 . . . 3 . . . 1 . . . . . . . . . . . 1 . . . . . . . . Repair 6 | . 1 . . . 3 . . . 1 . . . . . . . . . . . 1 . . . . . . . . Refit 1 | . . . . . . . . . . . . . . . . . . . . . 1 . . . . . . . . Recycling Unit Hacks 10 | . 1 . . . 1 . . . 2 . . . . . 2 . . . 2 . . . . . . 2 . . . Retrieve Components 10 | . 1 . . . 1 . . . 2 . . . . . 2 . . . 2 . . . . . . 2 . . . Scanalyzer 24 | . . . . . 3 . 6 . 9 . . . . . . . . . 4 . . . . . . 2 . . . Insert Component 5 | . . . . . . . 1 . 3 . . . . . . . . . 1 . . . . . . . . . . Analyze 6 | . . . . . . . 2 . 3 . . . . . . . . . 1 . . . . . . . . . . Retrieve Study 13 | . . . . . 3 . 3 . 3 . . . . . . . . . 2 . . . . . . 2 . . . Garrison Access Hacks 5 | . . . . . 1 . 2 . 1 . . . . . . . . . 1 . . . . . . . . . . Unlock Access 1 | . . . . . 1 . . . . . . . . . . . . . . . . . . . . . . . . Seal Access 4 | . . . . . . . 2 . 1 . . . . . . . . . 1 . . . . . . . . . . Unauthorized Hacks 56 | . 4 . . . 6 . 11 . 6 . . . . . 5 . . 4 13 . 2 . . . . 3 1 . 1 Terminals 41 | . 3 . . . 4 . 8 . 2 . . . . . 5 . . 4 9 . 1 . . . . 3 1 . 1 Assimilate 8 | . . . . . . . 2 . 1 . . . . . 2 . . 1 . . 1 . . . . 1 . . . Botnet 22 | . 1 . . . 4 . 4 . 1 . . . . . 2 . . 2 4 . . . . . . 2 1 . 1 Disrupt 1 | . . . . . . . . . . . . . . . 1 . . . . . . . . . . . . . . Skim 9 | . 2 . . . . . 2 . . . . . . . . . . . 5 . . . . . . . . . . Sabotage 1 | . . . . . . . . . . . . . . . . . . 1 . . . . . . . . . . . Fabricators 1 | . . . . . . . 1 . . . . . . . . . . . . . . . . . . . . . . Liberate 1 | . . . . . . . 1 . . . . . . . . . . . . . . . . . . . . . . Repair Stations 4 | . . . . . 1 . 2 . . . . . . . . . . . . . 1 . . . . . . . . Mechanics 2 | . . . . . 1 . 1 . . . . . . . . . . . . . . . . . . . . . . Patch 2 | . . . . . . . 1 . . . . . . . . . . . . . 1 . . . . . . . . Recycling Units 10 | . 1 . . . 1 . . . 4 . . . . . . . . . 4 . . . . . . . . . . Monitor 2 | . . . . . . . . . 1 . . . . . . . . . 1 . . . . . . . . . . Reject 4 | . . . . . 1 . . . 1 . . . . . . . . . 2 . . . . . . . . . . Recyclers 1 | . . . . . . . . . 1 . . . . . . . . . . . . . . . . . . . . Mask 2 | . . . . . . . . . 1 . . . . . . . . . 1 . . . . . . . . . . Tunnel 1 | . 1 . . . . . . . . . . . . . . . . . . . . . . . . . . . . Scanalyzers . | . . . . . . . . . . . . . . . . . . . . . . . . . . . . . . Garrison Access . | . . . . . . . . . . . . . . . . . . . . . . . . . . . . . . Data Cores Recovered 2 | . . . . . . . . . 1 . . . . . 1 . . . . . . . . . . . . . . Used . | . . . . . . . . . . . . . . . . . . . . . . . . . . . . . . Hacking Detections 99 | . 2 . . . 14 3 14 . 9 . . . . 3 7 4 . 3 9 . 13 . . . 1 5 7 2 3 Full Trace Events 9 | . . . . . . . 1 . . . . . . . 2 . . . . . 2 . . . . . 2 2 . Feedback Events 4 | . . . . . . . . . . . . . . . 1 . . . . . 1 . . . . . 2 . . Corruption 4 | . . . . . . . . . . . . . . . 1 . . . . . 1 . . . . . 2 . . Feedback Blocked . | . . . . . . . . . . . . . . . . . . . . . . . . . . . . . . Robot Schematics Acquired 3 | . . . . . . . . . . . . 3 . . . . . . . . . . . . . . . . . Robots Built . | . . . . . . . . . . . . . . . . . . . . . . . . . . . . . . Authchips . | . . . . . . . . . . . . . . . . . . . . . . . . . . . . . . Time . | . . . . . . . . . . . . . . . . . . . . . . . . . . . . . . Total Robot Build Rating . | . . . . . . . . . . . . . . . . . . . . . . . . . . . . . . Part Schematics Acquired 14 | . . . . . . . 1 . 3 . . 8 . . . . . . 1 . 1 . . . . . . . . Parts Built . | . . . . . . . . . . . . . . . . . . . . . . . . . . . . . . Authchips . | . . . . . . . . . . . . . . . . . . . . . . . . . . . . . . Time . | . . . . . . . . . . . . . . . . . . . . . . . . . . . . . . Total Part Build Rating . | . . . . . . . . . . . . . . . . . . . . . . . . . . . . . . Part Studies Acquired 13 | . . . . . 3 . 3 . 3 . . . . . . . . . 2 . . . . . . 2 . . . Parts Repaired 6 | . 1 . . . 3 . . . 1 . . . . . . . . . . . 1 . . . . . . . . Time 206 | . 26 . . . 114 . . . 35 . . . . . . . . . . . 31 . . . . . . . . Parts Recycled . | . . . . . . . . . . . . . . . . . . . . . . . . . . . . . . Recycled Matter . | . . . . . . . . . . . . . . . . . . . . . . . . . . . . . . Retrieved Matter . | . . . . . . . . . . . . . . . . . . . . . . . . . . . . . . Retrieved Components 36 | . 10 . . . 9 . . . 5 . . . . . 7 . . . 2 . . . . . . 3 . . . Parts Scanalyzed 5 | . . . . . . . 1 . 3 . . . . . . . . . 1 . . . . . . . . . . Part Schematics Acquired 5 | . . . . . . . 1 . 3 . . . . . . . . . 1 . . . . . . . . . . Parts Damaged 2 | . . . . . . . . . 2 . . . . . . . . . . . . . . . . . . . . Bothacking | -11 -10 -10 -10 -9 -8 -8 -7 -7 -7 -7 -7 -7 -6 -6 -6 -6 -6 -6 -5 -5 -5 -5 -5 -5 -4 -4 -3 -2 -1 ------------ Run | Yrd Mat Min Exi Min Mat Gar Fac Was Fac Low Low Dat Pro Fac Ext Cet Arc Hub Fac Was Fac Upp Upp War Pro Fac Res Res Acc Used RIF Installer . | . . . . . . . . . . . . . . . . . . . . . . . . . . . . . . Robots Hacked 3 | . . . . . 1 . . . . . . . . . . . . . . . . . 1 1 . . . . . Non-combat 1 | . . . . . 1 . . . . . . . . . . . . . . . . . . . . . . . . Combat . | . . . . . . . . . . . . . . . . . . . . . . . . . . . . . . Robot Hacks Applied 1 | . . . . . 1 . . . . . . . . . . . . . . . . . . . . . . . . no_distress 1 | . . . . . 1 . . . . . . . . . . . . . . . . . . . . . . . . Manual 2 | . . . . . . . . . . . . . . . . . . . . . . . 1 1 . . . . . Relay Couplers Released 11 | . . . . . . 8 . . . . . . . . . . . . . . . . . . . . . 3 . Machine Destruction 11 | . . . . . . 8 . . . . . . . . . . . . . . . . . . . . . 3 . Fabnet Peak Effective % . | . . . . . . . . . . . . . . . . . . . . . . . . . . . . . . Robots Rewired 22 | . . . . . . . . . . . . . . . 17 . . . . . . . . 5 . . . . . Allies Hacked . | . . . . . . . . . . . . . . . . . . . . . . . . . . . . . . Hacks Repelled . | . . . . . . . . . . . . . . . . . . . . . . . . . . . . . . Allies | -11 -10 -10 -10 -9 -8 -8 -7 -7 -7 -7 -7 -7 -6 -6 -6 -6 -6 -6 -5 -5 -5 -5 -5 -5 -4 -4 -3 -2 -1 -------- Run | Yrd Mat Min Exi Min Mat Gar Fac Was Fac Low Low Dat Pro Fac Ext Cet Arc Hub Fac Was Fac Upp Upp War Pro Fac Res Res Acc Total Allies 58 | . . . . . . . 2 20 . . . . . . 22 5 . . . . 1 . 1 6 . 1 . . . Largest Group 21 | . . . . . . . 1 21 21 . . . . . 12 12 8 6 5 . 1 1 1 6 . 1 . . . Highest-Rated Group 803 | . . . . . . . 26 525 525 . . . . . 501 803 481 441 350 . 26 26 85 351 . 10 . . . Highest-Rated Ally 159 | . . . . . . . 26 35 35 . . . . . 159 159 96 96 96 . 26 26 85 116 . 10 . . . Initial Warlord ECA Mod 5 | . . . . . . . 5 5 5 5 5 5 4 4 4 4 4 4 3 3 3 3 3 3 2 2 1 . . Total Orders 18 | . . . . . . . . . . . . . . . 6 6 . 4 . . 2 . . . . . . . . STAY 6 | . . . . . . . . . . . . . . . 2 2 . 1 . . 1 . . . . . . . . FOLLOW 9 | . . . . . . . . . . . . . . . 3 3 . 2 . . 1 . . . . . . . . GUARD 1 | . . . . . . . . . . . . . . . . . . 1 . . . . . . . . . . . AID 2 | . . . . . . . . . . . . . . . 1 1 . . . . . . . . . . . . . Ally Attacks 438 | . . . . . . . . . 105 . . . . . 125 66 28 27 16 . . . 11 60 . . . . . Total Damage 12157 | . . . . . . . . . 1449 . . . . . 2974 2299 993 648 505 . . . 549 2740 . . . . . Kills 75 | . . . . . . . . . 15 . . . . . 23 9 4 6 3 . . . 2 13 . . . . . Allies Corrupted 1 | . . . . . . . . . . . . . . . . . . . . . . . 1 . . . . . . Allies Melted 1 | . . . . . . . . . . . . . . . 1 . . . . . . . . . . . . . . Intel | -11 -10 -10 -10 -9 -8 -8 -7 -7 -7 -7 -7 -7 -6 -6 -6 -6 -6 -6 -5 -5 -5 -5 -5 -5 -4 -4 -3 -2 -1 ------- Run | Yrd Mat Min Exi Min Mat Gar Fac Was Fac Low Low Dat Pro Fac Ext Cet Arc Hub Fac Was Fac Upp Upp War Pro Fac Res Res Acc Active Infowar (turns) 19244 | 24 103 126 675 86 3089 770 457 214 78 279 153 31 317 33 2233 491 190 230 666 42 466 288 452 814 1057 897 901 2648 1434 Optics 7123 | . . . . . . . . . . . . . . . . . . . 5 . . . . 181 1057 897 901 2648 1434 IFF 1748 | . . . . . . . . . . . . . . . . . . . . . . 284 452 27 960 25 . . . Terrain 5895 | . . 126 675 86 2437 . . . . 279 153 31 317 33 209 . . . . . . . . . . . 658 332 559 Seismic 127 | 24 103 . . . . . . . . . . . . . . . . . . . . . . . . . . . . Machine Analysis 5052 | . . . . . 3085 770 457 214 78 . . . . . . . . . . . 446 2 . . . . . . . Jamming 6337 | . . . . . . . . . . . . . . 21 1715 491 190 230 664 42 132 288 452 696 264 119 . 1033 . ECM 321 | . . . . . . . . . . . . . . . 321 . . . . . . . . . . . . . . Robot Analysis Total 154 | . . . . . 3 . 2 . . . . 149 . . . . . . . . . . . . . . . . . Derelict Logs Recovered 8 | . . . . . . . . . . 2 2 . . . . . . . . . . 1 1 . 2 . . . . Drone Launches . | . . . . . . . . . . . . . . . . . . . . . . . . . . . . . . Drone Recoveries . | . . . . . . . . . . . . . . . . . . . . . . . . . . . . . . Exploration | -11 -10 -10 -10 -9 -8 -8 -7 -7 -7 -7 -7 -7 -6 -6 -6 -6 -6 -6 -5 -5 -5 -5 -5 -5 -4 -4 -3 -2 -1 ------------- Run | Yrd Mat Min Exi Min Mat Gar Fac Was Fac Low Low Dat Pro Fac Ext Cet Arc Hub Fac Was Fac Upp Upp War Pro Fac Res Res Acc Turns Passed 22127 | 120 225 171 675 86 3089 1849 788 214 580 287 155 49 318 194 2327 491 190 230 785 130 482 288 452 1015 1057 897 901 2648 1434 Spaces Moved 22412 | 89 152 128 554 60 1412 830 1890 293 1263 792 520 165 461 670 2287 595 291 416 857 194 696 506 716 1390 1055 830 688 1708 904 Core 134 | 4 . . . . . . . . . . . . . . . . . . . 1 . . . . . . . . 129 Treads 139 | . 28 . . . 11 48 . . . . . . . . . . . . . . . . . . . . . . 52 Legs 3323 | . . . . . . . . . . . . . . . . . . . . . . . . . . 206 688 1708 721 Wheels 3257 | 85 124 128 554 60 1401 782 . . . . . . . . . . . . 123 . . . . . . . . . . Hover 5371 | . . . . . . . . . . . . . . . . 31 . . 469 193 696 506 716 1390 1055 313 . . 2 Flight 10188 | . . . . . . . 1890 293 1263 792 520 165 461 670 2287 564 291 416 265 . . . . . . 311 . . . Fastest Speed 21 | 50 100 115 115 145 120 130 26 26 26 26 26 24 24 21 21 25 25 25 25 46 32 32 32 32 50 34 113 114 50 Average Speed 60 | 97 115 115 120 145 145 143 26 26 26 26 26 25 24 21 21 36 25 25 52 49 40 32 32 48 51 59 113 120 112 Slowest Speed 315 | 100 160 115 145 145 243 240 26 26 26 96 26 26 24 22 25 240 25 25 315 200 116 32 32 105 105 140 122 125 225 Overloaded Moves . | . . . . . . . . . . . . . . . . . . . . . . . . . . . . . . Propulsion Burnouts . | . . . . . . . . . . . . . . . . . . . . . . . . . . . . . . Robots Hopped 72 | . . . . . . . 20 . 11 2 . . . 10 16 . . 11 1 . . . . . . 1 . . . Potential Cave-ins 13 | . . . . . . . . . . . . . . . 1 . . . . . . . . . . 5 . 3 4 Cave-ins Triggered 2 | . . . . . . . 1 . . . . . . . . . . . . . . . . 1 . . . . . Exploration Rate (%) 55 | 5 27 22 78 26 88 74 29 97 33 80 73 77 62 14 94 81 98 33 21 94 19 65 87 95 71 19 14 57 21 Regions Visited 29 Branch Regions 15 Pre-discovered Areas 33 | . 1 . 1 . . . . . . 1 . 28 . . . . . . 1 . . . . . 1 . . . . Known Exits Taken 7 | . . . . . 1 . . . 1 . . . 1 1 . . . . . . 1 . . . . . 1 1 . Unknown Exits Taken 17 | 1 1 1 1 1 . . . . . 1 1 1 . . 1 1 1 1 . . . 1 1 1 1 1 . . . Scrap Searched 12 | . . . . . . . . . . 1 5 . 1 . . . . . . . . 1 2 . 2 . . . . Spaces Dug 194 | . . . . . 21 8 40 . 11 21 1 . 2 10 2 . . 2 19 . 11 . 3 1 1 14 6 1 20 Terrain Destroyed 605 | . . . . . 49 51 40 . 11 41 33 . 2 10 96 . . 2 19 . 11 . 18 14 14 59 16 49 70 Melee 148 | . . . . . 21 8 40 . 11 1 1 . 2 10 2 . . 2 19 . 11 . 3 1 1 14 . . 1 Projectile 126 | . . . . . . . . . . . . . . . . . . . . . . . . 13 13 5 16 40 39 AOE 327 | . . . . . 28 43 . . . 40 32 . . . 94 . . . . . . . 15 . . 40 . 5 30 Terrain Rammed . | . . . . . . . . . . . . . . . . . . . . . . . . . . . . . . Walls Destroyed . | . . . . . . . . . . . . . . . . . . . . . . . . . . . . . . Machines Disabled . | . . . . . . . . . . . . . . . . . . . . . . . . . . . . . . Actions | -11 -10 -10 -10 -9 -8 -8 -7 -7 -7 -7 -7 -7 -6 -6 -6 -6 -6 -6 -5 -5 -5 -5 -5 -5 -4 -4 -3 -2 -1 --------- Run | Yrd Mat Min Exi Min Mat Gar Fac Was Fac Low Low Dat Pro Fac Ext Cet Arc Hub Fac Was Fac Upp Upp War Pro Fac Res Res Acc Total 29348 | 109 178 151 562 59 2196 1300 2097 432 1472 864 536 168 662 689 4045 858 387 520 1078 228 868 629 897 1643 1506 1180 790 2025 1219 Wait 4706 | . 6 18 . . 478 264 117 134 180 62 7 . 196 . 1440 231 78 102 51 29 127 112 139 109 401 237 22 20 146 Move 22246 | 88 151 127 553 59 1411 827 1853 292 1241 787 519 164 460 650 2255 594 290 394 855 193 695 505 715 1389 1054 827 687 1707 904 Hop 65 | . . . . . . . 17 . 10 2 . . . 9 15 . . 10 1 . . . . . . 1 . . . Pick Up 256 | 8 4 5 4 . 51 12 15 2 6 2 . . . 5 8 4 . 1 9 1 13 3 1 11 4 19 18 39 11 Fast Attach 125 | 6 1 . . . 6 2 2 . 3 . 2 . . 1 2 6 1 1 21 2 6 . 1 10 1 12 6 13 20 Attach 106 | 1 . . . . 7 3 5 . 1 1 1 . 1 2 2 . . . 11 1 2 . 2 8 3 14 3 13 25 Detach 41 | . . . . . 1 . 1 . 1 . 2 . . . . . 1 . 10 1 1 . . 7 . 8 1 1 6 Swap 289 | . 3 1 2 . 51 34 12 1 5 3 . 3 1 7 30 4 3 2 8 . 7 7 4 13 8 7 14 47 12 Drop 269 | . 1 . 3 . 43 11 24 3 5 2 2 . . 4 10 10 1 3 20 1 3 2 1 22 3 16 17 48 14 Fire 603 | 6 11 . . . 116 77 . . . 4 2 . . . 12 1 . . . . . . 23 68 30 19 22 137 75 Melee 331 | . . . . . 32 38 51 . 20 1 1 1 3 11 21 8 13 7 77 . 14 . 11 1 2 18 . . 1 Ram . | . . . . . . . . . . . . . . . . . . . . . . . . . . . . . . Kick 4 | . . . . . . . . . . . . . . . . . . . . . . . . . . 2 . . 2 Crush 1 | . 1 . . . . . . . . . . . . . . . . . . . . . . . . . . . . Escape Stasis 110 | . . . . . . 32 . . . . . . . . 60 . . . 15 . . . . . . . . . 3 Rewire 195 | . . . . . . . . . . . . . . . 190 . . . . . . . . 5 . . . . . Trap 1 | . . . . . . . . . . . . . 1 . . . . . . . . . . . . . . . . Miscellaneous . | . . . . . . . . . . . . . . . . . . . . . . . . . . . . . . Route ------- -11/Scrapyard -10/Materials (discovered 2 exits: *Min / [*Sub]) -10/Mines -10/Exiles -9/Mines -8/Materials (discovered 3 exits: *Fac x2 / Gar) -8/Garrison (discovered 3 exits: *Fac x3) -7/Factory (discovered 4 exits: *Fac x2 / Low x2) -7/Waste -7/Factory (discovered 4 exits: *Fac x2 / *Low x2) -7/Lower Caves -7/Lower Caves (discovered 2 exits: *Fac / *Dat) -7/Data Miner -6/Proximity Caves -6/Factory (discovered 3 exits: *Low / *Ext x2) -6/Extension (discovered 2 exits: *Fac / *Cet) -6/Cetus (discovered 2 exits: *Fac / *Arc) -6/Archives (discovered 3 exits: *Fac / *Hub x2) -6/Hub_04(d) (discovered 2 exits: *Fac x2) -5/Factory (discovered 2 exits: Upp x2) -5/Waste -5/Factory (discovered 2 exits: *Fac / *Upp) -5/Upper Caves -5/Upper Caves -5/Warlord -4/Proximity Caves -4/Factory (discovered 3 exits: *Res x2 / Upp) -3/Research -2/Research (discovered 3 exits: *Acc / *Tes x2) -1/Access History --------- Turn | Location | Event 4 | -11/Scrapyard | Discovered new exit (range 16) 121 | -11/Scrapyard | Entered Materials 234 | -10/Materials | Met 8R-AWN 288 | -10/Materials | Discovered new exit (range 11) 297 | -10/Materials | Discovered new exit (range 10) 300 | -10/Materials | Build established: Mutant 335 | -10/Materials | Repaired Lgt. Treads 346 | -10/Materials | Entered Mines 348 | -10/Mines | Followed 8R-AWN into the Mines 363 | -10/Mines | Discovered new exit (range 5) 435 | -10/Mines | Received a Rocket Launcher from a helpful Derelict 454 | -10/Mines | Met a Derelict shopkeep closing up shop 517 | -10/Mines | Entered Exiles 546 | -10/Exiles | Welcomed by 8R-AWN 565 | -10/Exiles | Met EX-HEX 608 | -10/Exiles | Met EX-DEC 616 | -10/Exiles | Learned location of Zion (-6) 673 | -10/Exiles | Visited The Gauntlet 768 | -10/Exiles | Met EX-BIN 781 | -10/Exiles | Aligned with FarCom system 782 | -10/Exiles | Given EX-Vault access code 811 | -10/Exiles | Opened EX-Vault 821 | -10/Exiles | Found Firepult 846 | -10/Exiles | Warned to stay clear of 0b10 Research branches 1179 | -10/Exiles | Discovered new exit (range 11) 1192 | -10/Exiles | Left Exiles lab with Firepult 1192 | -10/Exiles | Entered Mines 1246 | -9/Mines | Discovered new exit (range 9) 1278 | -9/Mines | Entered Materials 1278 | -8/Materials | Evolved 4 slots: Propulsion x1, Utility x3 1926 | -8/Materials | Build established: Skirmisher 2244 | -8/Materials | Discovered new exit (range 16) 2738 | -8/Materials | Repaired Lgt. Nuclear Core+ 2788 | -8/Materials | Repaired Med. Treads 2820 | -8/Materials | Repaired Hrd. Light Armor Plating 3135 | -8/Materials | Build established: Assassin 3446 | -8/Materials | Discovered new exit (range 15) 3968 | -8/Materials | Central database locked down 4201 | -8/Materials | Build established: Scavenger-Mutant 4236 | -8/Materials | Identified exit to Garrison 4367 | -8/Materials | Entered Garrison 4665 | -8/Garrison | Triggered checkpoint 4807 | -8/Garrison | Garrison Relay disabled 4983 | -8/Garrison | Discovered new exit (range 61) 4983 | -8/Garrison | Discovered new exit (range 30) 4983 | -8/Garrison | Discovered new exit (range 65) 5146 | -8/Garrison | Triggered checkpoint 5227 | -8/Garrison | Core integrity fell below 50% 5437 | -8/Garrison | Triggered checkpoint 5538 | -8/Garrison | Triggered checkpoint 5654 | -8/Garrison | Lost 3 parts (1n2u) 5745 | -8/Garrison | Garrison Relay disabled 5769 | -8/Garrison | Attempted to access garrison exit controls, blocked by remote lockdown 5985 | -8/Garrison | Learned Factory security intel 6004 | -8/Garrison | Attempted to access garrison exit controls, blocked by remote lockdown 6077 | -8/Garrison | Triggered checkpoint 6216 | -8/Garrison | Entered Factory 6216 | -7/Factory | Evolved 2 slots: Propulsion x2 6522 | -7/Factory | Build established: Sprinter 6531 | -7/Factory | Crushed by falling debris 6662 | -7/Factory | Identified exit to Lower Caves 6686 | -7/Factory | Discovered new exit (range 5) 6927 | -7/Factory | Discovered new exit (range 4) 7004 | -7/Factory | Manually triggered Chute Trap 7004 | -7/Factory | Sucked down chute 7004 | -7/Factory | Entered Waste 7005 | -7/Waste | Joined by Warlord forces that had cleared the area 7014 | -7/Waste | 1 allies followed down the chute 7164 | -7/Waste | Discovered new exit (range 12) 7218 | -7/Waste | Entered Factory 7218 | -7/Factory | Accompanied by 21 allies 7239 | -7/Factory | Discovered new exit (range 4) 7252 | -7/Factory | Discovered new exit (range 11) 7318 | -7/Factory | Identified exit to Factory 7610 | -7/Factory | Lost 4 allies 7755 | -7/Factory | Repaired Broken Adv. Terrain Scanner 7780 | -7/Factory | Discovered exit to Lower Caves (range 13) 7791 | -7/Factory | Discovered exit to Lower Caves (range 15) 7798 | -7/Factory | Entered Lower Caves 7820 | -7/Lower Caves | Met a Warlord Commander 7821 | -7/Lower Caves | Learned location of Warlord (-5) 7822 | -7/Lower Caves | Warlord Commander delivered Encrypted Comm Array 7822 | -7/Lower Caves | Found Encrypted Comm Array 7980 | -7/Lower Caves | Encountered a Warlord checkpoint 7983 | -7/Lower Caves | Discovered new exit (range 15) 7995 | -7/Lower Caves | Learned Factory emergency access door positions 8085 | -7/Lower Caves | Entered another Lower Caves area 8097 | -7/Lower Caves | Entered a destroyed Warlord outpost 8109 | -7/Lower Caves | Learned Factory stockpile data 8112 | -7/Lower Caves | Discovered exit to Factory (range 13) 8189 | -7/Lower Caves | Encountered a Warlord checkpoint 8209 | -7/Lower Caves | Learned 4 Factory zone layouts 8213 | -7/Lower Caves | Attracted the attention of an 0b10 base 8230 | -7/Lower Caves | Discovered new exit (range 13) 8240 | -7/Lower Caves | Entered Data Miner 8240 | -7/Data Miner | Discovered new exit (range 6) 8245 | -7/Data Miner | Met Data Miner 8251 | -7/Data Miner | Learned location of Section 7 (-2) 8251 | -7/Data Miner | Acquired the access code to Warlord's prototype stash 8255 | -7/Data Miner | Received God Mode back door access code from Data Miner 8282 | -7/Data Miner | Interfaced with the Data Conduit 8289 | -7/Data Miner | Entered Proximity Caves 8295 | -6/Proximity Caves | Spotted B-75 Beast 8517 | -6/Proximity Caves | Received a Behemoth hack from an annoying Tinkerer 8605 | -6/Proximity Caves | Discovered exit to Factory (range 9) 8607 | -6/Proximity Caves | Entered Factory 8607 | -6/Factory | Evolved 2 slots: Propulsion x1, Utility x1 8608 | -6/Factory | Identified exit to Extension 8612 | -6/Factory | Loaded intel: 296 machine locations 8640 | -6/Factory | Discovered new exit (range 9) 8658 | -6/Factory | Identified exit to Lower Caves 8684 | -6/Factory | Discovered exit to Extension (range 8) 8801 | -6/Factory | Entered Extension 8802 | -6/Extension | Loaded intel: 26 machine locations 9051 | -6/Extension | Rescued A7 10451 | -6/Extension | Build established: Commander-Sprinter 10568 | -6/Extension | Spotted B-75 Beast 10582 | -6/Extension | Allies destroyed B-75 Beast 10589 | -6/Extension | Spotted B-75 Beast 10605 | -6/Extension | Rewired B-75 Beast 10635 | -6/Extension | Lost 8 allies 10673 | -6/Extension | Discovered new exit (range 16) 10673 | -6/Extension | Discovered new exit (range 14) 10819 | -6/Extension | Rescued a captive Derelict 10821 | -6/Extension | Rescued a captive Derelict 10930 | -6/Extension | Rescued a captive Derelict 10931 | -6/Extension | Rescued a captive Derelict 11128 | -6/Extension | Entered Cetus 11128 | -6/Cetus | Accompanied by 10 allies (A7) 11129 | -6/Cetus | Loaded intel: 24 machine locations 11133 | -6/Cetus | Acquired a Cetus Manufacturing Module code from A7 11142 | -6/Cetus | Spotted Cetus Guard 11142 | -6/Cetus | Spotted Cetus Guard 11147 | -6/Cetus | Spotted Cetus Guard 11147 | -6/Cetus | Spotted Cetus Guard 11155 | -6/Cetus | Allies destroyed Cetus Guard 11155 | -6/Cetus | Allies destroyed Cetus Guard 11165 | -6/Cetus | Allies destroyed Cetus Guard 11172 | -6/Cetus | Allies destroyed Cetus Guard 11190 | -6/Cetus | Started Cetus Manufacturing Module 11198 | -6/Cetus | Lost 3 allies 11215 | -6/Cetus | Manufactured an Enhanced Grunt 11218 | -6/Cetus | Escorted A7 to Cetus Mainframe 11240 | -6/Cetus | Manufactured an Enhanced Grunt 11265 | -6/Cetus | Manufactured an Enhanced Grunt 11290 | -6/Cetus | Manufactured an Enhanced Grunt 11315 | -6/Cetus | Manufactured an Enhanced Grunt 11425 | -6/Cetus | Discovered new exit (range 16) 11453 | -6/Cetus | Spotted Cetus Guard 11453 | -6/Cetus | Spotted Cetus Guard 11462 | -6/Cetus | Spotted Cetus Guard 11464 | -6/Cetus | Spotted Cetus Guard 11465 | -6/Cetus | Allies destroyed Cetus Guard 11477 | -6/Cetus | Allies destroyed Cetus Guard 11477 | -6/Cetus | Allies destroyed Cetus Guard 11481 | -6/Cetus | Discovered new exit (range 15) 11483 | -6/Cetus | Met Revision 17 11499 | -6/Cetus | Lost 3 allies 11587 | -6/Cetus | Murdered A7 11588 | -6/Cetus | Extracted ID and sensor layout for unrecognized location from A7's data core 11595 | -6/Cetus | Found Prototype Protection 11595 | -6/Cetus | Identified Med. Regenerative Plating 11619 | -6/Cetus | Entered Archives 11619 | -6/Archives | Accompanied by 8 allies 11620 | -6/Archives | Loaded intel: 8 machine locations 11677 | -6/Archives | Unable to access archive contents 11678 | -6/Archives | Discovered new exit (range 14) 11696 | -6/Archives | Discovered new exit (range 15) 11708 | -6/Archives | Discovered new exit (range 16) 11809 | -6/Archives | Entered Hub_04(d) 11809 | -6/Hub_04(d) | Accompanied by 6 allies 11810 | -6/Hub_04(d) | Loaded intel: 53 machine locations 11917 | -6/Hub_04(d) | Discovered new exit (range 3) 11997 | -6/Hub_04(d) | Discovered new exit (range 6) 12039 | -6/Hub_04(d) | Entered Factory 12039 | -5/Factory | Accompanied by 5 allies 12039 | -5/Factory | Evolved 2 slots: Power x1, Utility x1 12040 | -5/Factory | Loaded intel: 243 machine locations 12153 | -5/Factory | Identified exit to Upper Caves 12296 | -5/Factory | Intercept squad dispatched 12313 | -5/Factory | Spotted Tracker 12317 | -5/Factory | Central database locked down 12336 | -5/Factory | Spotted Combat Programmer 12340 | -5/Factory | Destroyed Tracker 12376 | -5/Factory | System corruption reached 10% 12387 | -5/Factory | Allies destroyed Combat Programmer 12410 | -5/Factory | Lost 9 parts (2p4n3u) 12717 | -5/Factory | Build established: Scavenger-Mutant 12766 | -5/Factory | Learned 2 Armory zone layouts 12824 | -5/Factory | Manually triggered Chute Trap 12824 | -5/Factory | Sucked down chute 12824 | -5/Factory | Entered Waste 12839 | -5/Waste | EMP discharged 12843 | -5/Waste | Spotted C-40 Crusher 12847 | -5/Waste | Spotted C-40 Crusher 12851 | -5/Waste | Spotted C-40 Crusher 12865 | -5/Waste | Crushed by Compactor (1 part destroyed, 2 dropped) 12871 | -5/Waste | Spotted C-40 Crusher 12874 | -5/Waste | Spotted C-40 Crusher 12874 | -5/Waste | Spotted C-40 Crusher 12939 | -5/Waste | EMP discharged 12939 | -5/Waste | System corruption reached 30% 12942 | -5/Waste | Discovered new exit (range 16) 12952 | -5/Waste | Found Corrupted Exp. Target Analyzer 12954 | -5/Waste | Entered Factory 12955 | -5/Factory | Loaded intel: 262 machine locations 12993 | -5/Factory | Discovered new exit (range 5) 13163 | -5/Factory | Repaired Broken Antigrav Array 13163 | -5/Factory | Build established: Mutant 13256 | -5/Factory | Discovered exit to Upper Caves (range 11) 13436 | -5/Factory | Entered Upper Caves 13436 | -5/Upper Caves | Accompanied by 1 ally 13660 | -5/Upper Caves | Learned Factory garrison access intel 13662 | -5/Upper Caves | Discovered new exit (range 7) 13667 | -5/Upper Caves | Build established: Sprinter 13724 | -5/Upper Caves | Entered another Upper Caves area 13740 | -5/Upper Caves | Spotted B-75 Beast 13744 | -5/Upper Caves | Befriended a Behemoth using the annoying Tinkerer's hack 13937 | -5/Upper Caves | Encountered a Warlord checkpoint 14171 | -5/Upper Caves | Discovered new exit (range 9) 14176 | -5/Upper Caves | Entered Warlord 14188 | -5/Warlord | System corruption cleaned by Quarantine Array 14348 | -5/Warlord | Met Warlord 14366 | -5/Warlord | Received a Watcher feed algorithm from an ecstatic Tinkerer 14373 | -5/Warlord | Warlord's base attacked by MAIN.C 14410 | -5/Warlord | Found Prototype Piercing Weapon 14410 | -5/Warlord | Identified Vortex Lance 14413 | -5/Warlord | Found Prototype Energy Gun 14413 | -5/Warlord | Identified Vortex Shotgun 14420 | -5/Warlord | Found Vortex Lance 14546 | -5/Warlord | Opened Warlord's prototype stash 14559 | -5/Warlord | Found Vortex Chain Reactor 14564 | -5/Warlord | Found Exp. Phase Shifter 14569 | -5/Warlord | Found Thermal Barrier 14664 | -5/Warlord | Opened side exit 14723 | -5/Warlord | Warlord forces counterattacked 14740 | -5/Warlord | Lost 3 allies 14769 | -5/Warlord | Spotted Executioner 14777 | -5/Warlord | Allies destroyed Executioner 14798 | -5/Warlord | Spotted B-86 Titan 14799 | -5/Warlord | Befriended a Behemoth using the annoying Tinkerer's hack 14803 | -5/Warlord | Found Exp. Targeting Computer 14810 | -5/Warlord | Found Exp. Core Analyzer 14823 | -5/Warlord | Spotted Striker 14865 | -5/Warlord | Lost 7 allies 14873 | -5/Warlord | Spotted Executioner 14876 | -5/Warlord | Spotted Striker 14889 | -5/Warlord | Allies destroyed Striker 14895 | -5/Warlord | Destroyed Executioner 14927 | -5/Warlord | Lost 9 allies 14974 | -5/Warlord | Spotted B-75 Beast 14977 | -5/Warlord | Spotted B-86 Titan 15037 | -5/Warlord | Lost 16 allies 15048 | -5/Warlord | Warlord base infiltrated, sounded retreat 15069 | -5/Warlord | Build established: Scavenger-Mutant 15120 | -5/Warlord | Crushed by falling debris 15138 | -5/Warlord | Spotted Executioner 15173 | -5/Warlord | Discovered new exit (range 14) 15176 | -5/Warlord | Spotted Executioner 15191 | -5/Warlord | Entered Proximity Caves 15312 | -4/Proximity Caves | Learned location of 1 exit from Research 15377 | -4/Proximity Caves | Encountered a Derelict sapper outpost 16031 | -4/Proximity Caves | Entered a huge 0b10 base via the front door 16031 | -4/Proximity Caves | Core integrity fell below 50% 16042 | -4/Proximity Caves | Spotted B-86 Titan 16218 | -4/Proximity Caves | Discovered new exit (range 8) 16248 | -4/Proximity Caves | Entered Factory 16248 | -4/Factory | Evolved 2 slots: Propulsion x1, Weapon x1 16249 | -4/Factory | Identified exit to Upper Caves 16250 | -4/Factory | Loaded intel: 270 machine locations 16251 | -4/Factory | Loaded intel: 3 garrison access locations 16255 | -4/Factory | Discovered new exit (range 16) 16294 | -4/Factory | Central database locked down 16328 | -4/Factory | Assembled infested ambush trap array 16407 | -4/Factory | Lost 4 parts (3n1w) 16468 | -4/Factory | Spotted B-86 Titan 16557 | -4/Factory | Lost 6 parts (1p3n1u1w) 16620 | -4/Factory | Discovered new exit (range 13) 16666 | -4/Factory | Build established: Mutant 16755 | -4/Factory | Lost 4 parts (3n1w) 16839 | -4/Factory | Found Quantum Capacitor 17141 | -4/Factory | Cargo convoy interrupted 17145 | -4/Factory | Entered Research 17145 | -3/Research | Evolved 2 slots: Utility x2 17146 | -3/Research | Identified exit to Research 17147 | -3/Research | Loaded intel: 127 machine locations 17345 | -3/Research | Revision forces began assault on 0b10 17362 | -3/Research | Met up with Revision 17++ 17522 | -3/Research | Intercept squad dispatched 17845 | -3/Research | Research terminal network offline 18046 | -3/Research | Entered another Research area 18046 | -2/Research | Warlord forces began assault on 0b10 18046 | -2/Research | Evolved 2 slots: Utility x1, Weapon x1 18047 | -2/Research | Loaded intel: 124 machine locations 18140 | -2/Research | Spotted B-90 Cyclops 18156 | -2/Research | Research machine network offline 18417 | -2/Research | Discovered new exit (range 12) 18429 | -2/Research | Identified exit to Testing 18489 | -2/Research | Borebot progress halted 18633 | -2/Research | Build established: Scavenger-Tank 18702 | -2/Research | Borebot progress halted 18833 | -2/Research | Borebot progress halted 18914 | -2/Research | Spotted Tracker 18929 | -2/Research | Destroyed Tracker 18946 | -2/Research | Found Corrupted Prototype Energy Gun 18946 | -2/Research | Identified Immobilizer 18989 | -2/Research | Spotted Combat Programmer 19010 | -2/Research | Destroyed Combat Programmer 19011 | -2/Research | Spotted Striker 19014 | -2/Research | Destroyed Striker 19079 | -2/Research | Spotted Striker 19157 | -2/Research | Lost 3 allies 19328 | -2/Research | Spotted Tracker 19328 | -2/Research | Spotted Tracker 19330 | -2/Research | Spotted Tracker 19378 | -2/Research | Spotted Combat Programmer 19380 | -2/Research | Spotted Combat Programmer 19394 | -2/Research | System corruption reached 10% 19437 | -2/Research | Found Exp. Targeting Computer 19442 | -2/Research | Destroyed Combat Programmer 19460 | -2/Research | Destroyed Combat Programmer 19524 | -2/Research | Spotted Striker 19549 | -2/Research | Given Cave Seal Controls access code 19563 | -2/Research | Destroyed Striker 19602 | -2/Research | Destroyed Tracker 19614 | -2/Research | Found Exp. Phase Shifter 19621 | -2/Research | Found Exp. Targeting Computer 19737 | -2/Research | Build established: Scavenger-Skirmisher 19757 | -2/Research | Spotted Striker 19769 | -2/Research | Spotted Executioner 19770 | -2/Research | Spotted Striker 19797 | -2/Research | Lost 6 allies 19800 | -2/Research | Destroyed Striker 19816 | -2/Research | Destroyed Striker 19843 | -2/Research | Lost 5 parts (3u2w) 19967 | -2/Research | Lost 3 allies 19984 | -2/Research | Spotted Striker 20172 | -2/Research | Spotted Executioner 20172 | -2/Research | Spotted Striker 20185 | -2/Research | Spotted Striker 20214 | -2/Research | Destroyed Striker 20214 | -2/Research | Destroyed Striker 20215 | -2/Research | Destroyed Executioner 20240 | -2/Research | Found Exp. Core Analyzer 20441 | -2/Research | Discovered exit to Testing (range 9) 20495 | -2/Research | Build established: Scavenger-Gunner 20534 | -2/Research | Spotted Striker 20534 | -2/Research | Spotted Striker 20564 | -2/Research | Destroyed Striker 20667 | -2/Research | Discovered new exit (range 23) 20693 | -2/Research | Identified exit to Access 20694 | -2/Research | Entered Access 20694 | -1/Access | Evolved 2 slots: Power x1, Weapon x1 20695 | -1/Access | Loaded intel: 115 machine locations 20958 | -1/Access | Spotted B-99 Colossus 21063 | -1/Access | Build established: Scavenger-Skirmisher 21646 | -1/Access | Spotted B-99 Colossus 21654 | -1/Access | Intercept squad dispatched 21675 | -1/Access | Spotted Tracker 21675 | -1/Access | Spotted Tracker 21707 | -1/Access | Destroyed Tracker 21721 | -1/Access | Spotted Combat Programmer 21738 | -1/Access | System corruption reached 10% 21744 | -1/Access | Destroyed Combat Programmer 21760 | -1/Access | Spotted Combat Programmer 21800 | -1/Access | System corruption reached 30% 21898 | -1/Access | Core integrity fell below 50% 21959 | -1/Access | Lost 32 parts (5p9n12u6w) 21968 | -1/Access | Destroyed Combat Programmer 21982 | -1/Access | Core integrity fell below 20% 22117 | -1/Access | Intercept squad dispatched 22122 | -1/Access | Spotted Tracker 22122 | -1/Access | Spotted Tracker 22123 | -1/Access | Spotted Tracker 22128 | -1/Access | Destroyed by Tracker with Linked Autogun Last Messages --------------- 22081_ Acquired Phase Gun. 22082_ U-05 Engineer lays Concrete. 22086_ RCDD:8%YOIWJ8 Q9TXSSTXMHIDK= C 9 22087_ U-05 Engineer lays Concrete. 22093_ U-05 Engineer builds a Door. 22094_ Acquired Med. Treads. 22097_ U-05 Engineer lays Concrete. 22100_ Acquired 55 matter. 22101_ U-05 Engineer lays Concrete. 22113_ System corrupted: Matter fused (-5). 22113_ U-05 Engineer lays Concrete. 22117_ ALERT: Reliable intel has pinpointed LRC-V3, intercept squad en route. 22117_ U-05 Engineer lays Concrete. Tracker: "THREAT CONFIRMED. DEPLOY COMBAT PROGRAMMER." 22123_ Lgt. Quantum Reactor destroyed. 22124_ Destroyed Unknown Device. 22127_ Exp. Targeting Computer destroyed. 22128_ KTCLJTROQV:EKYE5IKJ0GS2 Map ----- +----------------------------------------------------+ | ?? ?? # ############## ####### # | | ?????? + ######################### #######? | | ????? # ################ # ######## | | ???? ?? ?? ##### # # | | ???????# ## #####! # # | | ????##? # ##### # # | | ????? ?? ?? ? ##### # # ? " | | ???? ??? + ##### # # | | ?#??#?#? # ##### # + | | ##?????##### ##### = # # | | #?####?#####? ##### # # | | #??#?########################+##### + | | ########################### ### # | | ### # | | = ] %! # | | ######+##/######## | | ##############+#########+## # ##?## | | # # ## # * k ####### ##### | | ###%## # ### ### ####? | | #!!!## " # "" ### ### ##?# | | # ! ## """ # """### ### ###? | | #!!/## """ # T"####### ### | | #= *## " # """####### #?? | | # ## #! " ## # = ### | | # ## # s ## # %= #?? | | #"# ####+####### ss @##! ] # ! # ##? | | ####+#### ##+##u#;### ]!# ! ###? | | % + ##%## ##### # | | ### # + ## ##### /####+### ## ## | | ### # ##### ##### ##?# ### ## ## | | ### # ##### #####! #### ### ##### | | ! ### ############## ##### #### ### ###???? | | ### ##############%########+### ## #####?? | | # ##### |% o " +??? | | # #####% = ########???? | | ### ##### #######???????? | | ####### ? p #???????? | | ###?######## #####+## ""??????? | | ###?###### ### # ""#?????? | | ########## ### # ""#?????? | | ????#?##### ### # T#?????? | | ?+ ? ### # ""#?????? | | ? ##?#?##### ### # ""#?????? | | ? #?####?####+##### ### ? # ""#?????? | | ??#?#?##?## ## #?# ? ?# ###????"" | | ? #??##?##?? ?# ## ???# #???????" | | #???#????##?? ?# #?#?#?? ???????? | | ?????? ?????? ? # ! ???? ?? ??????? | | ??? ?????????????# ! ?????? ?????? | | ?????????????????# ! ?????? ????? | +----------------------------------------------------+ Best States ------------- Heat Dissipation 87 Coolant Potential 100 Energy Generation 89 Energy Capacity 700 Matter Stores 300 Matter Capacity 300 Sight Range 23 Terrain Scan Range 20 Terrain Scan Density 210 ECM Strength 1 Jamming Range 14 Power Amplification 40 Additional Mass Support 9 Base Temperature (-) 200 Armor Coverage 675 Resistance: TH 50 Propulsion Shielding 90 Point Defense Rating 240 Phase Shifting 20 Evasion (%) 90 Targeting Accuracy 24 Melee Accuracy 8 Launcher Accuracy 40 Target Analysis 14 Core Analysis 8 Armor Integrity Analysis 40 Recoil Reduction 6 Kinecelleration 40 Salvage Targeting 3 Offensive Hacking 24 Defensive Hacking 10 Item Schematics ----------------- Transmission Jammer | -7/Factory | Scanalyzed Hvy. Rocket Launcher | -7/Factory | Scanalyzed Adv. Terrain Scanner | -7/Factory | Scanalyzed ECM Suite | -7/Factory | Scanalyzed Combat Drone Bay | -7/Data Miner | Free Lgt. Regenerative Plating | -7/Data Miner | Free Multireflex Exoskeleton | -7/Data Miner | Free Exp. Targeting Computer | -7/Data Miner | Free Gui. EMP Blaster | -7/Data Miner | Free Field Propulsion Drive | -7/Data Miner | Free Point Defense System | -7/Data Miner | Free KE Penetrator | -7/Data Miner | Free Adv. KE Penetrator | -5/Factory | Scanalyzed Cmb. Gravmag System | -5/Factory | Hacked Robot Schematics ------------------ H-66 Slayer | -7/Data Miner | Free S-27 Virus | -7/Data Miner | Free B-48 Gladiator | -7/Data Miner | Free Fabricated ------------ Nothing Repaired ---------- Lgt. Treads | 74% | -10/Materials Lgt. Nuclear Core | 36% | -8/Materials Med. Treads | 38% | -8/Materials Hrd. Light Armor Plating | 51% | -8/Materials Adv. Terrain Scanner | 99% | -7/Factory | Broken Antigrav Array | 33% | -5/Factory | Broken Studied --------- Lgt. Nuclear Core | -8/Materials | Hacked Beam Rifle | -8/Materials | Hacked Com. Wheel | -8/Materials | Hacked Chainsword | -7/Factory | Hacked Katana | -7/Factory | Hacked Gauss Rifle | -7/Factory | Hacked Proton Missile Launcher | -7/Factory | Hacked Cesium-ion Thruster | -7/Factory | Hacked Hvy. Rocket Launcher | -7/Factory | Hacked Lgt. Angular Momentum Engine | -5/Factory | Hacked Gravmag Array | -5/Factory | Hacked Cmb. Gravmag System | -4/Factory | Hacked Hyp. Coil Gun | -4/Factory | Hacked Alien Tech Used ----------------- None Achievements -------------- Betrayal Most Foul Coming In Hot DIY Cooler Ew, Corruption Follow The Leader I Like You, Cogmind Incoming! More Power To You Resistances Are Futile Revolutionary Research Welcome To The Revolution Well Done Challenges ------------ None Game ------ Seed PulseGrapheneGenerator Manual? 0 Play Time 06:21:37 Cumulative 267.5 hours Start 2025.11.23 @ 16:07:37 End 2025.11.24 @ 13:03:32 Sessions 3 Manual Loads 0 Difficulty Rogue Special Mode None Game No. 162 Rogue 158 Adventurer 4 Explorer 0 Win Type - Total 7 Types 6/0/1/0/0/0/0/0/0/0 Lore% 85 Gallery% 74 Achievement% 48 Wizard Run 0 Options --------- Layout 1 ASCII 0 Keyboard 1 Movement Vi Keybinds 1 Fullscreen 2 Font 24/Smallcaps Map View 50x35 Zoom Use 0% Tactical HUD 1 Map Filters NONE Filters NONE Steam 1 RUN: 29057bc2-c5d0-47db-ab59-b6197f53c9a5